 Dungeon Crawl Stone Soup version 0.31.0-1-g2c135a0 (webtiles) character file.

Game seed: 13082053292112543032

10565803 jagoly the Wrestler (level 27, 345/345 HPs)
             Began as a Grey Draconian Shapeshifter on Jan 25, 2024.
             Was the Champion of Makhleb.
             Escaped with the Orb
             ... and 10 runes
             ... and 1 gem (0 intact)!
             The game lasted 08:12:53 (67179 turns).

jagoly the Wrestler (Grey Draconian Shapeshifter)  Turns: 67179, Time: 08:12:54

Health: 345/345    AC: 29    Str: 31    XL:     27
Magic:  36/36      EV: 30    Int: 12    God:    Makhleb [******]
Gold:   8704       SH: 20    Dex: 22    Spells: 14/26 levels left

rFire   + +          +
                       - Unarmed
rCold   + + .        b - +5 kite shield {rC+ rF+}
rNeg    + + +        (body armour unavailable)
rPois   ∞            (helmet restricted)
rElec   +            Z - scarf {rC+ rF+}
rCorr   +            q - melded +2 pair of gloves "Atoamab" {Dex+2}
SInv    .            L - melded -1 pair of boots of Meystyej {Regen+}
Will    +++..        k - dreamshard necklace {Acrobat *Dream}
Stlth   ++           P - ring "Cuofijiato" {EV+5 Dex+5}
HPRegen 0.77/turn    m - ring of Pidui {rF+ Will+ rCorr Str+4}
MPRegen 0.25/turn

%: slow self (1%), acrobat
@: statue-form, studying 3 skills, very slow
A: slow and powerful, torment resistance 1, boosted hp, AC +18, amphibious,
unfitting armour, cold-blooded, talons 1, screaming 2
0: Orb of Zot
}: 10/15 runes: decaying, serpentine, slimy, silver, abyssal, demonic, glowing,
magical, fiery, dark
a: Begin Untransformation, Renounce Religion, Minor Destruction, Lesser Servant
of Makhleb, Major Destruction, Greater Servant of Makhleb


You escaped.
You worshipped Makhleb.
Makhleb was exalted by your worship.
You were a living statue of rough stone.
You visited 11 branches of the dungeon, and saw 55 of its levels.
You visited Pandemonium 1 time, and saw 22 of its levels.
You visited the Abyss 3 times.
You visited 1 ziggurat, and saw 10 of its levels.
You also visited: Ossuary and Gauntlet.

You collected 11081 gold pieces.
You spent 2377 gold pieces at shops.

Inventory:

Missiles
 n - 7 throwing nets
 u - 11 boomerangs (quivered)
 A - 9 javelins
 R - 2 silver javelins
 X - 14 curare-tipped darts
Armour
 b - a +5 kite shield of resistance (worn)
 q - the +2 pair of gloves "Atoamab" (melded) {Dex+2}
   (You found it on level 9 of a ziggurat)

   Dex+2:     It affects your dexterity (+2).
 L - the -1 pair of boots of Meystyej (melded) {Regen+}
   (You acquired it on level 2 of the Orcish Mines)

   Regen+:    It increases your rate of health regeneration.
 Z - a scarf of resistance (worn)
Jewellery
 a - the amulet of Myxeunut {Reflect Will+ Str+4 Int+2 Dex+2 SH+5}
   (You acquired it on level 2 of the Orcish Mines)

   [amulet of reflection]

   Reflect:   It reflects blocked missile attacks.
   Str+4:     It affects your strength (+4).
   Int+2:     It affects your intelligence (+2).
   Dex+2:     It affects your dexterity (+2).
   Will+:     It increases your willpower.
   SH+5:      It affects your SH (+5).
 k - the dreamshard necklace (around neck) {Acrobat *Dream}
   (You found it on level 1 of the Vaults)

   [amulet of the acrobat]

   *Dream:    It absorbs a single lethal wound into itself, holding its wearer
   just short of death and releasing dream-creatures to guard them.
   Acrobat:   It increases your evasion while moving and waiting.
 m - the ring of Pidui (right fist) {rF+ Will+ rCorr Str+4}
   (You found it on level 3 of a ziggurat)

   [ring of willpower]

   Str+4:     It affects your strength (+4).
   rF+:       It protects you from fire.
   Will+:     It increases your willpower.
   rCorr:     It protects you from acid and corrosion.
 o - the amulet of Ugeckuno {Reflect rElec rPois Int+3 SH+5}
   (You found it in a Gauntlet)

   [amulet of reflection]

   Reflect:   It reflects blocked missile attacks.
   Int+3:     It affects your intelligence (+3).
   rElec:     It insulates you from electricity.
   rPois:     It protects you from poison SH+5: It affects your SH (+5).
 p - the ring "Witin" {rPois rCorr Str+4 SInv Stlth-}
   (You found it on level 8 of a ziggurat)

   [ring of poison resistance]

   Str+4:     It affects your strength (+4).
   rPois:     It protects you from poison SInv: It lets you see invisible.
   rCorr:     It protects you from acid and corrosion.
   Stlth-:    It makes you less stealthy.
 G - the ring "Naeck" {rF+ rC+ MP+9 Str+3}
   (You found it on level 4 of a ziggurat)

   [ring of magical power]

   Str+3:     It affects your strength (+3).
   rF+:       It protects you from fire.
   rC+:       It protects you from cold.
   MP+9:      It affects your magic capacity (+9).
 K - the ring of Sokaeli {Fire rN+ Dex+5}
   (You found it on level 1 of the Vaults)

   [ring of fire]

   Fire:      It enhances your fire magic.
   Dex+5:     It affects your dexterity (+5).
   rF+:       It protects you from fire.
   rC-:       It makes you vulnerable to cold.
   rN+:       It protects you from negative energy.
 P - the ring "Cuofijiato" (left fist) {EV+5 Dex+5}
   (You bought it in a shop on level 2 of the Orcish Mines)

   [ring of evasion]

   EV+5:      It affects your evasion (+5).
   Dex+5:     It affects your dexterity (+5).
Talismans
 d - a granite talisman
 f - a storm talisman
 h - a talisman of death
 B - the granite talisman of Mided (active) {*Slow rN++ Dex+4 Slay+3}
   (You took it off Roxanne on level 1 of the Elven Halls)

   [granite talisman]

   Dex+4:     It affects your dexterity (+4).
   Slay+3:    It affects your accuracy & damage with ranged weapons and melee
   (+3).
   rN++:      It greatly protects you from negative energy.
   *Slow:     It may slow you when you take damage.
Wands
 c - a wand of digging (22)
 e - a wand of quicksilver (36)
 z - a wand of iceblast (116)
 C - a wand of paralysis (103)
 Y - a wand of mindburst (88)
Scrolls
 i - 6 scrolls of enchant armour
 l - 5 scrolls of immolation
 t - 11 scrolls of fear
 w - 7 scrolls of silence
 D - 17 scrolls of fog
 F - a scroll of blinking
 I - 7 scrolls of teleportation
 S - a scroll of summoning
 W - 13 scrolls of poison
Potions
 g - 12 potions of enlightenment
 j - 3 potions of might
 r - 4 potions of heal wounds
 s - a potion of haste
 v - 16 potions of curing
 E - 8 potions of mutation
 M - a potion of cancellation
 O - 4 potions of magic
 Q - 2 potions of resistance
 U - 4 potions of invisibility
 V - 4 potions of ambrosia
Miscellaneous
 y - a phantom mirror
 H - a phial of floods
 J - a lightning rod (4/4)
 N - a condenser vane


   Skills:
 - Level 25.0 Fighting
 - Level 16.0 Throwing
 - Level 16.0 Dodging
 - Level 12.0 Stealth
 - Level 16.0 Shields
 + Level 25.9 Unarmed Combat
 - Level 8.0 Translocations
 - Level 8.0 Ice Magic
 - Level 8.0 Earth Magic
 - Level 18.0 Invocations
 - Level 16.0 Evocations
 - Level 18.0 Shapeshifting


You had 14 spell levels left.
You knew the following spells:

 Your Spells              Type           Power      Damage    Failure   Level
q - Apportation           Tloc           38%        N/A       1%          1
t - Frozen Ramparts       Ice            38%        1d6       4%          3
w - Passwall              Erth           19%        N/A       4%          3
A - Ozocubu's Armour      Ice            19%        N/A       4%          3
B - Blink                 Tloc           38%        N/A       2%          2

Your spell library contained the following spells:

 Spells                   Type           Power      Damage    Failure   Level
 Freeze                   Ice            76%        1d8       1%          1
 Sandblast                Erth           38%        2d10      1%          1
 Lesser Beckoning         Tloc           38%        N/A       2%          2
 Gell's Gravitas          Tloc           19%        N/A       4%          3
 Teleport Other           Tloc           19%        N/A       4%          3
 Ensorcelled Hibernation  Hex/Ice        18%        N/A       13%         2
 Momentum Strike          Conj/Tloc      18%        3d8       13%         2
 Manifold Assault         Tloc           19%        N/A       16%         4
 Passage of Golubria      Tloc           19%        N/A       16%         4
 Hailstorm                Conj/Ice       9%         3d6       26%         3
 Stone Arrow              Conj/Erth      18%        3d8       26%         3
 Summon Ice Beast         Ice/Summ       9%         N/A       26%         3
 Volatile Blastmotes      Fire/Tloc      18%        2d11      26%         3
 Foxfire                  Conj/Fire      0%         2x1d4     41%         1
 Kiss of Death            Conj/Necr      0%         2d5       41%         1
 Magic Dart               Conj           0%         1d3       41%         1
 Necrotise                Necr           0%         1d4       41%         1
 Shock                    Conj/Air       0%         1d3       41%         1
 Sting                    Conj/Alch      0%         1d3       41%         1
 Summon Small Mammal      Summ           0%         N/A       41%         1
 Lee's Rapid Deconstruct  Erth           9%         3d7*      41%         5
 Call Imp                 Summ           0%         N/A       54%         2
 Cigotuvi's Dreadful Rot  Necr/Alch/Air  0%         N/A       54%         2
 Jinxbite                 Hex            0%         N/A       54%         2
 Mercury Vapours          Alch/Air       0%         N/A       54%         2
 Scorch                   Fire           0%         2d5       54%         2
 Searing Ray              Conj           0%         2d4       54%         2
 Static Discharge         Conj/Air       0%         3-3/arc   54%         2
 Brom's Barrelling Bould  Conj/Erth      9%         2d3       63%         4
 Dimensional Bullseye     Hex/Tloc       4%         N/A       63%         4
 Iskenderun's Mystic Bla  Conj/Tloc      9%         2d4       63%         4
 Leda's Liquefaction      Alch/Erth      4%         N/A       63%         4
 Petrify                  Alch/Erth      9%         N/A       63%         4
 Vhi's Electric Charge    Tloc/Air       18%        N/A       63%         4
 Call Canine Familiar     Summ           0%         N/A       78%         3
 Confusing Touch          Hex            0%         N/A       78%         3
 Dazzling Flash           Conj/Hex       0%         N/A       78%         3
 Fugue of the Fallen      Necr           0%         N/A       78%         3
 Inner Flame              Hex/Fire       0%         N/A       78%         3
 Mephitic Cloud           Conj/Alch/Air  0%         N/A       78%         3
 Sigil of Binding         Hex            0%         N/A       78%         3
 Swiftness                Air            0%         N/A       78%         3
 Borgnjor's Vile Clutch   Necr/Erth      4%         N/A       93%         5
 Metabolic Englaciation   Hex/Ice        4%         N/A       93%         5
 Summon Forest            Summ/Tloc      4%         N/A       93%         5
 Dispersal                Tloc           9%         N/A       94%         6
 Airstrike                Air            0%         2d(0-16)  99%         4
 Animate Dead             Necr           0%         N/A       99%         4
 Cause Fear               Hex            0%         N/A       99%         4
 Dispel Undead            Necr           0%         3d6       99%         4
 Flame Wave               Conj/Fire      0%         2d4       99%         4
 Fulminant Prism          Conj/Alch      0%         3d5       99%         4
 Ignite Poison            Fire/Alch      0%         N/A       99%         4
 Martyr's Knell           Necr/Summ      0%         N/A       99%         4
 Olgreb's Toxic Radiance  Alch           0%         N/A       99%         4
 Sticky Flame             Fire/Alch      0%         2d4       99%         4
 Summon Blazeheart Golem  Fire/Summ      0%         N/A       99%         4
 Summon Lightning Spire   Summ/Air       0%         N/A       99%         4
 Freezing Cloud           Conj/Ice/Air   3%         6-21      99%         5
 Alistair's Intoxication  Alch           0%         N/A       100%        5
 Arcjolt                  Conj/Air       0%         1d10      100%        5
 Fireball                 Conj/Fire      0%         3d3       100%        5
 Irradiate                Conj/Alch      0%         3d11      100%        5
 Silence                  Hex/Air        0%         N/A       100%        5
 Summon Mana Viper        Hex/Summ       0%         N/A       100%        5
 Yara's Violent Unravell  Hex/Alch       0%         3d3       100%        5
 Bombard                  Conj/Erth      4%         9d2       100%        6
 Conjure Ball Lightning   Conj/Air       0%         3x3d6     100%        6
 Death Channel            Necr           0%         N/A       100%        6
 Eringya's Noxious Bog    Alch           0%         4d6       100%        6
 Plasma Beam              Fire/Air       0%         2x1d10    100%        6
 Sculpt Simulacrum        Ice/Alch       4%         N/A       100%        6
 Starburst                Conj/Fire      0%         6d3       100%        6
 Summon Cactus Giant      Summ           0%         N/A       100%        6
 Enfeeble                 Hex            0%         N/A       100%        7
 Haunt                    Necr/Summ      0%         N/A       100%        7
 Monstrous Menagerie      Summ           0%         N/A       100%        7
 Orb of Destruction       Conj           0%         9d5       100%        7
 Ozocubu's Refrigeration  Ice            9%         4d9       100%        7
 Summon Hydra             Summ           0%         N/A       100%        7
 Discord                  Hex            0%         N/A       100%        8
 Disjunction              Tloc           9%         N/A       100%        8
 Ignition                 Fire           0%         3d3       100%        8
 Infestation              Necr           0%         N/A       100%        8
 Lehudib's Crystal Spear  Conj/Erth      4%         10d3      100%        8
 Maxwell's Capacitive Co  Air            0%         ∞         100%        8
 Summon Horrible Things   Summ           0%         N/A       100%        8
 Chain Lightning          Conj/Air       0%         N/A       100%        9
 Dragon's Call            Summ           0%         N/A       100%        9
 Fire Storm               Conj/Fire      0%         5d1       100%        9
 Polar Vortex             Ice            9%         12d1*     100%        9
 Shatter                  Erth           9%         3d11*     100%        9
 Sublimation of Blood     Necr           Unusable   N/A       N/A         2
 Animate Armour           Summ/Erth      Unusable   N/A       N/A         4

Dungeon Overview and Level Annotations

Branches:
Dungeon (15/15)            Temple (0/1) D:7            Lair (5/5) D:11
  Swamp (4/4) Lair:3        Snake (4/4) Lair:3        Slime (5/5) Lair:5
    Orc (2/2) D:12            Elf (3/3) Orc:2        Vaults (5/5) D:14
  Crypt (3/3) Vaults:3       Tomb (0/3) Crypt:3      Depths (4/4) D:15
    Zot (5/5) Depths:4    Ossuary (visited)         Gauntlet (visited)

Altars:
Cheibriados
Dithmenos
Fedhas
Gozag
Kikubaaqudgha
Makhleb
Ru
Sif Muna
Uskayaw
Wu Jian
Yredelemnul
Zin
The Shining One
Jiyva

Shops:
Orc:2 (*!*!   Elf:1 [   Elf:2 *   Elf:3 !   Snake:4 *   Vaults:5 :   Depths:3 (
Depths:4 *((

Portals:
Hell: Depths:1 Depths:2 Depths:3 Depths:4
Abyss: Depths:3
Pandemonium: Depths:2
Trove: D:13 (give 9 potions of haste)

Annotations:
Lair:4 exclusion: 2 oklob plants
Elf:2 3 runed translucent doors
Depths:3 6 transporters
Zot:5 1 exclusion


Innate Abilities, Weirdness & Mutations

You are a living statue of rough stone.
Your actions are slow, but your melee attacks are powerful.
You are resistant to unholy torment.
Your maximum health is greatly increased.
Your equipment is partially melded.
((Your dull iron-grey scales are very hard. (AC +18)))
You are amphibious.
You cannot fit into any form of body armour.
You are immune to poison.
You are cold-blooded and may be slowed by cold attacks.
You have sharp toenails.
You frequently scream uncontrollably at your foes.


Message History

You block the hellwing's attack. x2
You squash the hellwing like an ant!!!!
You kill the hellwing!
Makhleb accepts your kill.
You feel better.
No target in view!
No target in view!
Press: ? - help, v - describe, . - travel The floor.
This square is covered in magical glow.
Press: ? - help, v - describe, . - travel The floor.
This square is covered in magical glow.
Unknown command.
There is a stone staircase leading down here.
You block the reaper's attack. You block the reaper's attack. x2
You pulverise the reaper!!!!
You kill the reaper!
Makhleb accepts your kill.
You feel better.
The profane servitor completely misses you. x2
You see here a +0 giant spiked club.
The chaos spawn hisses angrily.
You punch the profane servitor! Your kick misses the profane servitor.
The profane servitor is lightly damaged.
The profane servitor completely misses you. x2
You block the profane servitor's attack. x2
You pummel the profane servitor!! You claw the profane servitor.
The profane servitor is moderately damaged.
The profane servitor completely misses you.
You block the profane servitor's attack.
You barely miss the profane servitor. Your kick misses the profane servitor.
The profane servitor is moderately damaged.
The profane servitor hits you but does no damage. x2
You punch the profane servitor! Your kick misses the profane servitor.
You tail-slap the profane servitor.
The profane servitor is heavily damaged.
The profane servitor misses you.
The profane servitor hits you but does no damage.
You pummel the profane servitor like a punching bag!!!
Your kick misses the profane servitor.
Your tail-slap misses the profane servitor.
The profane servitor is almost destroyed.
The profane servitor hits you but does no damage. x2
The chaos spawn completely misses you.
The profane servitor hits you but does no damage.
The profane servitor closely misses you.
You barely miss the profane servitor. Your kick misses the profane servitor.
The profane servitor is almost destroyed.
You block the chaos spawn's attack.
The profane servitor hits you with a +1 whip of flaming!
You block the profane servitor's attack.
You closely miss the profane servitor. Your kick misses the profane servitor.
You tail-slap the profane servitor, but do no damage.
The profane servitor is almost destroyed.
The profane servitor hits you but does no damage.
You block the profane servitor's attack.
You block the chaos spawn's attack.
You barely miss the profane servitor. Your kick misses the profane servitor.
Your tail-slap misses the profane servitor.
The profane servitor is almost destroyed.
You block the profane servitor's attack. x2
You block the chaos spawn's attack. The profane servitor misses you.
The profane servitor barely misses you.
You squash the profane servitor like an ant!!!
You destroy the profane servitor!
Makhleb accepts your kill.
You feel better.
The chaos spawn kicks you but does no damage.
You pummel the chaos spawn!!
You claw the chaos spawn, but do no damage.
The chaos spawn is almost dead.
The chaos spawn touches you but does no damage.
You pummel the chaos spawn!!
You kill the chaos spawn!
Makhleb accepts your kill.
You feel better.
The chaos spawn degenerates into a cloud of primal chaos!
No target in view!
Items here: )) [[.
HP restored.
A hellion comes into view.
You hit the hellion but do no damage. You claw the hellion, but do no damage.
You pulverise the hellion!!!!
You kill the hellion!
Makhleb accepts your kill.
No target in view!
No target in view!
You see here a +0 club.
There is a staircase back to the Dungeon here.
You climb upwards.
Welcome back to the Dungeon!
There is a staircase to the Orcish Mines here.
You see here a +0 hand axe.
There is an open door, spattered with blood here.
Items here: )))))))) [[[[.
A Rapilaxa and a crimson imp come into view.
You scream at Rapilaxa!
You block Rapilaxa's attack.
You pummel Rapilaxa like a punching bag!!!!
You claw Rapilaxa, but do no damage. You tail-slap Rapilaxa.
Rapilaxa is heavily wounded.
Rapilaxa hits you.
You pummel Rapilaxa like a punching bag!!!!
You kill Rapilaxa!
Makhleb accepts your kill.
The crimson imp blinks!
The crimson imp blinks!
A crimson imp is nearby!
The crimson imp blinks!
You see here a +0 trident.
The crimson imp blinks!
The crimson imp blinks!
An orange demon comes into view.
The crimson imp blinks!
There is an escape hatch in the ceiling, spattered with blood here.
A mysterious force pulls you upwards. The hatch slams shut behind you.
A Putradat and a red devil come into view.
Press: ? - help, v - describe, . - travel
Here: Putradat, armed with a venomous touch The floor.
Putradat gestures at you. The bolt of lightning hits you! You resist.
The red devil completely misses you.
You completely miss Putradat. Your kick misses Putradat.
Your tail-slap misses Putradat.
You block Putradat's attack. You block the red devil's attack.
You pummel Putradat!! Your kick misses Putradat.
Putradat is lightly wounded.
You block Putradat's attack. You block the red devil's attack.
You completely miss Putradat. Your kick misses Putradat.
Putradat is lightly wounded.
You pulverise Putradat!!!
Your kick misses Putradat.
Your tail-slap misses Putradat.
Putradat is moderately wounded.
Putradat stings you!! You block the red devil's attack.
You completely miss Putradat. Your kick misses Putradat.
Your tail-slap misses Putradat.
Putradat is moderately wounded.
Putradat gestures at you. The bolt of lightning misses you.
The red devil barely misses you.
You miss Putradat. Your kick misses Putradat.
Your tail-slap misses Putradat.
Putradat is moderately wounded.
Putradat stings you!
The red devil hits you but does no damage.
You completely miss Putradat. Your kick misses Putradat.
Putradat is moderately wounded.
You block Putradat's attack.
The red devil hits you with a +0 trident.
Barbed spikes become lodged in your body.
You pummel Putradat!! Your kick misses Putradat.
Your tail-slap misses Putradat.
Putradat is heavily wounded.
You block Putradat's attack. You block the red devil's attack.
You miss Putradat. Your kick misses Putradat.
Putradat is heavily wounded.
You barely miss Putradat. Your kick misses Putradat.
Putradat is heavily wounded.
Putradat completely misses you. You block the red devil's attack.
You completely miss Putradat. Your kick misses Putradat.
Putradat is heavily wounded.
Putradat stings you. The red devil completely misses you.
You pound Putradat into fine dust!!!! Your kick misses Putradat.
Putradat is severely wounded.
Putradat stings you but does no damage.
The red devil hits you with a +0 trident!
Barbed spikes become lodged in your body.
You barely miss Putradat. Your kick misses Putradat.
Putradat is severely wounded.
You closely miss Putradat. You claw Putradat.
Your tail-slap misses Putradat.
Putradat is severely wounded.
Putradat gestures at you. The bolt of lightning hits you! You resist.
You block the red devil's attack.
You squash Putradat like an ant!!!
You kill Putradat!
Makhleb accepts your kill.
You feel better. You block the red devil's attack.
Okay, then.
You pummel the red devil like a punching bag!!!!
You kill the red devil!
Makhleb accepts your kill.
No target in view!
No target in view!
You start resting.
You carefully extract the barbed spikes from your body.
You see here a +0 trident.
Cast which spell? (? or * to list)
Aiming: Passwall (mildly dangerous; 4% risk of failure)
Press: ? - help, Dir - move target A rock wall.
This square is covered in magical glow.
You begin to meditate on the wall.
You continue meditating on the rock. x2
Magic restored.
You finish merging with the rock.
Magic restored.
There is a stone staircase leading up here.
You climb upwards.
There is a stone staircase leading down here.
A Brimstone Fiend comes into view.
You squash the Brimstone Fiend like an ant!!!
You claw the Brimstone Fiend, but do no damage.
Your tail-slap misses the Brimstone Fiend.
The Brimstone Fiend is moderately wounded.
You pound the Brimstone Fiend into fine dust!!!!
You kill the Brimstone Fiend!
Makhleb accepts your kill.
You feel better.
No target in view!
HP restored.
There is a stone staircase leading up here.
You climb upwards.
A smoke demon comes into view.
You scream at the smoke demon!
There is a stone staircase leading down here.
A smoke demon is nearby!
Unknown command.
Unknown command.
Unknown command.
Unknown command.
There is a stone staircase leading up here.
You climb upwards.
There is a stone staircase leading down here.
There is a stone staircase leading up here.
You climb upwards.
There is a stone staircase leading down here.
You see here a +0 whip.
An Ice Fiend comes into view.
You scream at the neqoxec!
A neqoxec comes into view.
The Ice Fiend calls on the powers of darkness!
Your body is wracked with pain!
The neqoxec gestures at you. Something gnaws on your mind!
You feel your power leaking away.
A cherub and a daeva come into view.
The cherub is wielding a +3 flail of flaming.
The daeva is wielding a +5 eudemon blade of holy wrath.
The cherub's human head shouts!
The daeva shouts!
The Ice Fiend gestures at you. The bolt of cold misses you.
A seraph comes into view.
It is wielding a +4 great sword of flaming.
The seraph shouts a warning to its allies!
The neqoxec attacks as it pursues you! The neqoxec completely misses you.
The Ice Fiend calls on the powers of darkness!
Your body is wracked with pain!
The cherub convulses!
The cherub sings a powerful hymn!
You block the neqoxec's attack. The Ice Fiend gestures at you.
The bolt of cold hits the neqoxec!!
The neqoxec dies!
The bolt of cold misses you.
There is an escape hatch in the ceiling here.
A mysterious force pulls you upwards. The hatch slams shut behind you.
Magic restored.
A large abomination comes into view.
You enter the deep water.
You sink to the bottom.
Moving in this stuff is going to be slow.
You block the large abomination's attack.
You pound the large abomination into fine dust!!!!
You destroy the large abomination!
Makhleb accepts your kill.
You feel better.
No target in view!
No target in view!
No target in view!
There is an open door here.
There is an open door here.
A balrug and 4 sun demons come into view.
The sun demon shouts! x2
Cast which spell? (? or * to list)
Aiming: Passwall (mildly dangerous; 4% risk of failure)
Press: ? - help, Dir - move target A rock wall.
This square is covered in magical glow.
You miscast Passwall.
You are very lightly contaminated with residual magic.
Nothing appears to happen.
The balrug gestures at you. The pyre arrow misses you.
Cast which spell? (? or * to list)
Aiming: Passwall (mildly dangerous; 4% risk of failure)
Press: ? - help, Dir - move target A rock wall.
This square is covered in magical glow.
You block the sun demon's attack. The sun demon completely misses you.
You block the sun demon's attack. x2
You begin to meditate on the wall.
You continue meditating on the rock.
You block the sun demon's attack. x3; The sun demon hits you!
You are engulfed in flames.
You resist. The balrug hits you but does no damage.
The sun demon completely misses you. The sun demon closely misses you.
The sun demon misses you. x2
You continue meditating on the rock.
The balrug hits you but does no damage. The sun demon misses you.
You block the sun demon's attack. x3
The balrug hits you with a +3 demon whip.
You are engulfed in flames.
You resist. The sun demon barely misses you. The sun demon closely misses you.
The sun demon misses you. The sun demon barely misses you.
You finish merging with the rock.
Something unseen breaks down the door.
The balrug gestures at you. Something smites you!
Cast which spell? (? or * to list)
Aiming: Passwall (mildly dangerous; 4% risk of failure)
Press: ? - help, Dir - move target A rock wall.
This square is covered in magical glow.
You block the sun demon's attack.
Your magical contamination has completely faded away.
You begin to meditate on the wall.
You continue meditating on the rock.
You block the sun demon's attack. x3
You continue meditating on the rock.
You block the sun demon's attack. x2; The sun demon misses you.
The sun demon completely misses you.
You continue meditating on the rock.
The sun demon misses you. You block the sun demon's attack.
The sun demon barely misses you. You block the sun demon's attack.
The sun demon hits you but does no damage.
You block the sun demon's attack. The sun demon misses you.
The sun demon completely misses you.
You finish merging with the rock.
There is a stone staircase leading up here.
You climb upwards.
There is a stone staircase leading down here.
There is a stone staircase leading up here.
You start resting.
Magic restored.
An Orb Guardian comes into view.
You climb upwards.
There is a stone staircase leading down here.
There is a stone staircase leading up here.
You climb upwards.
There is a stone staircase leading down here.
HP restored.
A Hell Sentinel comes into view.
You scream at the Hell Sentinel!
You pummel the Hell Sentinel like a punching bag!!!!
Your kick misses the Hell Sentinel.
The Hell Sentinel is heavily wounded.
You hit the Hell Sentinel but do no damage.
Your kick misses the Hell Sentinel.
The Hell Sentinel is heavily wounded.
You block the Hell Sentinel's attack. x2
You pummel the Hell Sentinel like a punching bag!!!!
You kill the Hell Sentinel!
Makhleb accepts your kill.
You feel better.
No target in view!
There is a stone staircase leading up here.
You climb upwards.
There is a stone staircase leading down here.
Things that are here:
a +0 leather armour; a +0 short sword
There is an open door here.
A Hell Sentinel comes into view.
You scream at the Hell Sentinel!
The Hell Sentinel hits you but does no damage.
You block the Hell Sentinel's attack. x3
You pulverise the Hell Sentinel!!!!
You claw the Hell Sentinel, but do no damage.
The Hell Sentinel is heavily wounded.
You pound the Hell Sentinel into fine dust!!!!
You kill the Hell Sentinel!
Makhleb accepts your kill.
No target in view!
There is an open door here.
There is a stone staircase leading up here.
You climb upwards.
There is a stone staircase leading down here.
You see here a +0 short sword.
You scream at the Orb Guardian!
An Orb Guardian comes into view.
You pummel the Orb Guardian like a punching bag!!!
You claw the Orb Guardian.
Your tail-slap misses the Orb Guardian.
The Orb Guardian is severely wounded.
You punch the Orb Guardian! Your kick misses the Orb Guardian.
You tail-slap the Orb Guardian.
The Orb Guardian is almost dead.
You block the Orb Guardian's attack.
You pummel the Orb Guardian!!
You kill the Orb Guardian!
Makhleb accepts your kill.
No target in view!
An Orb Guardian comes into view.
The Orb Guardian hits you!
You squash the Orb Guardian like an ant!!!!
You kill the Orb Guardian!
Makhleb accepts your kill.
You feel better.
No target in view!
There is an open door here.
There is a staircase leading out of the dungeon here.
Okay, then.
You begin transforming.
You continue transforming. x3
You feel agile.
You revert to your normal fleshy form.
HP restored.
The +2 pair of gloves "Atoamab" {Dex+2} unmelds from your body.
The -1 pair of boots of Meystyej {Regen+} unmelds from your body.
You turn into a living statue of rough stone.
The +2 pair of gloves "Atoamab" {Dex+2} melds into your body.
The -1 pair of boots of Meystyej {Regen+} melds into your body.
You're wearing all the rings you can.
Remove which one? (? for menu, Esc to cancel) < or
P - the ring "Cuofijiato" {EV+5 Dex+5} > or
m - the ring of Pidui {rF+ Will+ rCorr Str+4} You remove the ring "Cuofijiato" {EV+5 Dex+5}.
You feel agile.
x - a +6 ring of dexterity (left fist) You're wearing all the rings you can.
Remove which one? (? for menu, Esc to cancel) < or
x - a +6 ring of dexterity > or
m - the ring of Pidui {rF+ Will+ rCorr Str+4} You remove the ring of Pidui {rF+ Will+ rCorr Str+4}.
You feel agile.
T - a +6 ring of dexterity (right fist)
There is an open door here.
What are your orders? t - Scream!
Orders for allies: a - Attack new target. r - Retreat! s - Stop attacking. g - Guard the area. f - Follow me.
Anything else - Cancel.
You scream for attention!
What are your orders? t - Scream!
Orders for allies: a - Attack new target. r - Retreat! s - Stop attacking. g - Guard the area. f - Follow me.
Anything else - Cancel.
You scream for attention!
What are your orders? t - Scream!
Orders for allies: a - Attack new target. r - Retreat! s - Stop attacking. g - Guard the area. f - Follow me.
Anything else - Cancel.
You scream for attention!
What are your orders? t - Scream!
Orders for allies: a - Attack new target. r - Retreat! s - Stop attacking. g - Guard the area. f - Follow me.
Anything else - Cancel.
You scream for attention!
You start resting.
HP restored.
You start resting.
HP restored.
What are your orders? t - Scream!
Orders for allies: a - Attack new target. r - Retreat! s - Stop attacking. g - Guard the area. f - Follow me.
Anything else - Cancel.
You scream for attention!
What are your orders? t - Scream!
Orders for allies: a - Attack new target. r - Retreat! s - Stop attacking. g - Guard the area. f - Follow me.
Anything else - Cancel.
You scream for attention!
What are your orders? t - Scream!
Orders for allies: a - Attack new target. r - Retreat! s - Stop attacking. g - Guard the area. f - Follow me.
Anything else - Cancel.
Okay, then.
You start waiting.
A sun demon comes into view.
You pummel the sun demon like a punching bag!!!!
You kill the sun demon!
Makhleb accepts your kill.
No target in view!
There is an open door here.
A rust devil comes into view.
You block the rust devil's attack.
You pound the rust devil into fine dust!!!
You kill the rust devil!
Makhleb accepts your kill.
No target in view!
No target in view!
There is an open door here.
There is a staircase leading out of the dungeon here.
You remove your +6 ring of dexterity.
You feel clumsy.
You feel stronger.
m - the ring of Pidui (right fist) {rF+ Will+ rCorr Str+4} You're wearing all the rings you can.
Remove which one? (? for menu, Esc to cancel) < or
x - a +6 ring of dexterity > or
m - the ring of Pidui {rF+ Will+ rCorr Str+4} You remove your +6 ring of dexterity.
You feel clumsy.
You feel agile.
P - the ring "Cuofijiato" (left fist) {EV+5 Dex+5} You drop a +6 ring of dexterity. x2
You can't go down here!
You have escaped!

###
###8################
#>#.#.##............
#♣.....♣#############
#~♣...♣≈# # #≈≈♣.♣≈≈#
## #≈≈♣.♣≈≈#
##########. ##≈♣.♣≈##
#.......... ###'###
#.######... #...# #.#
#.##


There were no monsters in sight!

Vanquished Creatures
  Cerebov (Pan)
  the Royal Jelly (Slime:5)
  Mnoleg (Pan)
  Gloorx Vloq (Pan)
  Lom Lobon (Pan)
  3 dread liches
  4 orbs of fire
  5 ancient liches
  Xtahua (Crypt:2)
  A juggernaut (Depths:1)
  Sojobo (Vaults:5)
  Boris (Crypt:2)
  Vv (Crypt:3)
  7 Killer Klowns
  A caustic shrike (Depths:3)
  4 curse toes
  Vashnia (Snake:4)
  The ghost of ragingrage the Executioner, a veteran HOFi of Beogh (Vaults:1)
  10 golden dragons
  8 pandemonium lords
  2 bone dragons (Abyss:3)
  2 profane servitors
  2 Tzitzimimeh (Depths:2)
  11 Brimstone Fiends
  2 electric golems (Zot:5)
  3 doom hounds (Depths:2)
  2 hellephants (Abyss:4)
  17 tentacled monstrosities
  The ghost of Xafer the Impaler, an adept DsGl of Okawaru (Vaults:1)
  3 Ice Fiends
  2 Hell Sentinels
  Grunn (Depths:2)
  7 titans
  2 deep elf blademasters (Elf:3)
  14 acid blobs
  11 liches
  28 Orb Guardians
  7 quicksilver dragons
  3 walking divine tomes (Depths:3)
  2 walking frostbound tomes
  A deep elf master archer (Elf:3)
  12 sphinxes
  19 Executioners (Pan)
  7 ancient champions
  Frances (Swamp:1)
  8 death cobs
  6 tentacled starspawn
  Agnes (Elf:1)
  7 tengu reavers
  2 thorn hunters (Swamp:3)
  9 shadow dragons
  Donald (Swamp:4)
  12 azure jellies
  4 fenstrider witches
  6 revenants
  6 rockslimes (Slime:5)
  7 draconian monks
  6 draconian shifters
  11 demonspawn warmongers (Pan)
  Roxanne (Elf:1)
  5 draconian knights
  9 fire giants
  13 storm dragons
  3 ghost moths
  9 frost giants
  2 iron dragons (Vaults:5)
  2 nagarajas
  14 vault wardens
  3 curse skulls
  Louise (Swamp:2)
  11 draconian scorchers
  11 deep elf sorcerers
  2 juggernaut zombies
  An emperor scorpion (Zig:8)
  4 deep elf elementalists (Elf:3)
  11 reapers
  19 balrugs
  11 cacodemons (Pan)
  5 draconian stormcallers
  3 ghouls
  4 angels
  3 demonspawn corrupters (Pan)
  2 orc warlords
  6 draconian annihilators
  14 very ugly things
  9 quicksilver oozes
  6 demonspawn blood saints (Pan)
  3 formless jellyfish
  21 stone giants
  18 ironbound preservers
  8 vampire knights
  9 purple draconians
  9 ironbound thunderhulks
  4 eleionomae
  7 deep elf death magi
  A juggernaut skeleton (Pan)
  6 green draconians
  A caustic shrike skeleton (Pan)
  A lorocyproca (Pan)
  6 demonspawn black suns (Pan)
  5 black draconians
  12 red draconians
  A putrid mouth (Depths:3)
  13 yellow draconians
  5 deep elf annihilators
  8 deep elf demonologists
  18 spark wasps
  20 dire elephants
  A war gargoyle (Vaults:5)
  3 bunyips
  A minotaur (Gauntlet)
  12 white draconians
  A merfolk javelineer (Depths:4)
  9 green deaths (Pan)
  9 fire dragons
  15 ettins
  Josephine (D:10)
  12 blizzard demons
  3 eidola
  16 jiangshi
  3 entropy weavers
  A mummy priest (Crypt:3)
  4 deep elf high priests (Elf:3)
  18 hydras
  A spriggan zombie (Crypt:3)
  A fenstrider witch zombie (Crypt:1)
  A shambling mangrove (Swamp:3)
  An entropy weaver (shapeshifter) (Elf:1)
  30 vault guards
  Fannar (Orc:1)
  2 salamander tyrants (Snake:4)
  15 yaktaur captains
  3 hell beasts
  2 peacekeepers
  12 great orbs of eyes
  8 rakshasas
  11 ice dragons
  10 ironbound frosthearts
  6 spriggan air magi
  3 ghost crabs
  3 catoblepae
  10 centaur warriors
  14 alligators
  4 boulder beetles
  21 dancing weapons
  A radroach (Zig:8)
  7 anacondas
  2 death knights
  5 two-headed ogres
  15 deep troll earth magi
  9 deep troll shamans
  13 tengu warriors
  5 naga warriors
  6 orc high priests
  3 spectral emperor scorpions (Pan)
  4 demonic crawlers
  11 vampire magi
  An occultist (Depths:2)
  A quicksilver ooze zombie (Crypt:3)
  39 sun demons
  Sonja (D:11)
  11 deep elf knights
  13 naga sharpshooters
  9 shock serpents
  3 death yaks (Lair:5)
  7 spriggan berserkers
  5 thrashing horrors
  Urug (Lair:4)
  Nergalle (Orc:1)
  13 soul eaters
  19 hell knights
  A pharaoh ant (Zig:8)
  7 shadow wraiths
  3 salamander mystics
  A hellephant skeleton (Pan)
  17 sixfirhies
  A titan skeleton (Crypt:1)
  9 wretched stars
  A skyshark (shapeshifter) (Vaults:4)
  A skyshark (Lair:5)
  A deep troll (shapeshifter) (Vaults:5)
  4 iron trolls
  19 skeletal warriors
  6 goliath frogs
  A sea snake (shapeshifter) (Vaults:5)
  2 death drakes (shapeshifter)
  2 spatial maelstroms
  An orb spider (shapeshifter) (Vaults:3)
  8 sun moths (Pan)
  4 sea snakes (Snake:4)
  The ghost of yakattack the Grappler, a novice TrEn (D:6)
  2 naga ritualists (Snake:4)
  54 deep trolls
  10 glowing orange brains
  16 ironbound convokers
  7 arcanists
  6 bog bodies
  A bunyip skeleton (Crypt:3)
  12 orc knights
  7 shadow demons
  9 flayed ghosts
  2 sun moths (shapeshifter)
  2 spriggan druids
  A shadow dragon zombie (Crypt:3)
  A wolf spider zombie (Crypt:1)
  2 steelbarb worms
  15 swamp dragons
  3 harpies (Vaults:1)
  7 necromancers
  12 lindwurms
  11 deep elf archers
  7 phantasmal warriors
  25 deep elf zephyrmancers
  6 mana vipers
  26 large abominations
  A shining eye (shapeshifter) (Vaults:5)
  36 deep elf pyromancers
  25 ugly things
  An obsidian statue (Elf:2)
  A wolf spider (Zig:8)
  2 shining eyes (Slime:3)
  7 orc sorcerers
  11 salamanders
  A manticore (D:11)
  A worldbinder (Abyss:3)
  An alligator skeleton (Crypt:1)
  16 moths of wrath
  7 will-o-the-wisps
  8 cyclopes
  A toenail golem (Abyss:4)
  A human skeleton (Vaults:1)
  4 rust devils
  4 Executioner simulacra (Pan)
  7 guardian serpents
  34 black mambas
  17 vault sentinels
  An eleionoma skeleton (Crypt:1)
  An apocalypse crab (Gauntlet)
  An iron dragon skeleton (Crypt:3)
  An ice statue (Gauntlet)
  3 kobold blastminers (Orc:2)
  3 elephants
  15 orange demons
  2 torpor snails
  2 elf skeletons
  11 cane toads
  11 naga magi
  2 gargoyles (D:12)
  An eye of devastation (Gauntlet)
  An eye of devastation (shapeshifter) (Depths:2)
  22 smoke demons
  2 unseen horrors
  Joseph (D:9)
  A cane toad (shapeshifter) (Elf:1)
  21 yaktaurs
  A purple draconian zombie (Crypt:3)
  4 kobold demonologists
  6 hellions
  6 rime drakes
  9 freezing wraiths
  7 komodo dragons
  6 tormentors
  5 efreet
  3 ancient zymes
  6 guardian mummies (Crypt:3)
  A pale draconian skeleton (Crypt:3)
  12 tengu conjurers
  Psyche (D:11)
  A troll (shapeshifter) (D:14)
  9 red devils
  11 ice devils
  A green draconian skeleton (Crypt:2)
  19 hellwings
  A queen bee (shapeshifter) (Elf:3)
  A polar bear (Lair:2)
  9 tyrant leeches
  5 trolls
  A death drake zombie (Crypt:3)
  19 hornets
  A hornet (shapeshifter) (Elf:1)
  3 raiju (shapeshifter)
  20 blink frogs
  A tarantella (shapeshifter) (Vaults:5)
  A moth of wrath zombie (Crypt:3)
  An ettin zombie (Crypt:3)
  Prince Ribbit (Lair:2)
  A harpy skeleton (Abyss:4)
  3 glass eyes
  6 raiju (Abyss:4)
  A glass eye (shapeshifter) (Vaults:5)
  2 dream sheep (Lair:5)
  An ice dragon skeleton (Crypt:3)
  79 slime creatures
  A merfolk skeleton (Crypt:1)
  A culicivora (Zig:1)
  14 spriggans
  4 air elementals
  A black mamba zombie (Abyss:3)
  3 vampires (Crypt:3)
  10 wraiths
  10 wyverns
  13 ynoxinuls
  A fire elemental (Elf:2)
  10 water elementals
  26 yaks
  17 humans (D:14)
  A redback (Zig:8)
  12 basilisks
  A human (shapeshifter) (Elf:2)
  5 golden eyes
  22 vampire mosquitoes
  10 neqoxecs
  3 wargs
  A yaktaur simulacrum (Vaults:1)
  A redback (shapeshifter) (Depths:1)
  A steam dragon (D:8)
  A wind drake skeleton (Crypt:1)
  4 small abominations
  18 chaos spawn
  A spatial vortex (Abyss:4)
  An acid dragon (D:8)
  Edmund (D:4)
  18 swamp worms
  29 nagas
  22 water moccasins
  An ice beast (D:7)
  A glowing shapeshifter skeleton (Crypt:1)
  A sky beast (D:7)
  10 swamp drakes
  44 orc warriors
  33 laughing skulls
  2 black bears
  6 ogres
  5 boggarts (Vaults:2)
  A centaur (shapeshifter) (Elf:1)
  4 centaurs
  25 wolves
  2 elephant skeletons (Crypt:3)
  A fire crab zombie (Crypt:2)
  3 weeping skulls (Abyss:4)
  3 elf zombies (Ossuary)
  A rime drake zombie (Crypt:2)
  A brain worm (Abyss:4)
  4 kobold brigands
  A necrophage (Crypt:1)
  4 gnoll sergeants
  A warg zombie (Crypt:2)
  21 bullfrogs
  2 scorpions (D:6)
  4 earth elementals
  7 wights
  A water moccasin skeleton (Crypt:1)
  15 killer bees
  A raiju skeleton (Crypt:2)
  4 electric eels (Elf:3)
  3 howler monkeys (D:11)
  A spectral bullfrog (Ossuary)
  A bombardier beetle (D:5)
  A centaur zombie (Ossuary)
  2 crimson imps (Abyss:4)
  3 hounds
  2 quasits
  A wolf skeleton (Crypt:1)
  A bullfrog skeleton (Crypt:2)
  3 jellies
  2 gnoll boudas
  4 human zombies
  13 orc priests
  27 starcursed masses
  Jessica (D:2)
  Natasha (twice) (D:2)
  5 iguanas
  32 orc wizards
  Terence (D:2)
  A boggart skeleton (Crypt:2)
  2 crocodile zombies (Ossuary)
  A spectral hound (Ossuary)
  An acid dragon skeleton (Crypt:1)
  A boggart simulacrum (D:14)
  A scorpion simulacrum (Ossuary)
  2 mummies (Ossuary)
  A howler monkey skeleton (Crypt:1)
  5 adders
  19 gnolls
  3 hound simulacra (Ossuary)
  A swamp drake zombie (Crypt:3)
  8 white imps
  2 spectral gnolls (Ossuary)
  5 dart slugs
  A ribbon worm (D:2)
  An adder simulacrum (Ossuary)
  84 orcs
  7 endoplasms
  3 giant cockroaches
  8 gnoll zombies (Ossuary)
  6 hobgoblins
  3 jackals (D:2)
  4 quokkas
  14 ball pythons
  2 bats
  6 frilled lizards
  A giant cockroach zombie (Crypt:2)
  2 gnoll simulacra (Ossuary)
  6 goblins
  A goblin skeleton (Crypt:1)
  2 jackal simulacra (Ossuary)
  15 kobolds
  3 kobold zombies (Ossuary)
  5 orc zombies (Ossuary)
  4 rats
  5 spectral jackals (Ossuary)
  A fire vortex (Pan)
  3 starspawn tentacles
2839 creatures vanquished.

Vanquished Creatures (collateral kills)
  A profane servitor (Crypt:3)
  A Brimstone Fiend (Pan)
  An electric golem (Zot:1)
  The ghost of Banuugh the Spry, an adept DjCj of Makhleb (Elf:2)
  Zenata (Elf:3)
  Jorgrun (Swamp:1)
  A tentacled monstrosity (Swamp:1)
  A deep elf master archer (Elf:3)
  An Executioner (Pan)
  A revenant (Zig:10)
  A demonspawn warmonger (Pan)
  A deep elf sorcerer (Elf:3)
  A draconian shifter (Abyss:4)
  2 reapers (Pan)
  2 very ugly things (Depths:3)
  A green draconian (Zot:1)
  A bunyip (Swamp:1)
  2 blizzard demons (Pan)
  A spriggan air mage (Depths:3)
  4 anacondas
  A dancing weapon (Elf:1)
  4 shock serpents
  5 naga sharpshooters
  A deep elf knight (Elf:1)
  A salamander mystic (Snake:4)
  2 sun demons (Pan)
  A shadow wraith (Pan)
  A goliath frog (Swamp:2)
  A skeletal warrior (D:15)
  A bog body (Swamp:1)
  2 mana vipers (Snake:1)
  A shadow demon (Pan)
  A deep elf archer (Elf:2)
  A spriggan druid (Swamp:1)
  2 lindwurms
  A will-o-the-wisp (Zig:7)
  3 deep elf pyromancers
  A large abomination (Pan)
  2 manticores (D:13)
  A moth of wrath (Zot:1)
  2 salamanders
  An elephant (Abyss:4)
  A naga mage (Snake:4)
  A smoke demon (Pan)
  5 black mambas
  A hellion (Pan)
  A red devil (Pan)
  A bloated husk (Swamp:1)
  2 hornets (Swamp:1)
  A polar bear (Lair:4)
  2 tyrant leeches
  2 blink frogs (Lair:4)
  3 spriggans (Swamp:1)
  A small abomination (Abyss:4)
  A vampire (Crypt:3)
  3 ynoxinuls (Pan)
  A basilisk (Lair:4)
  A chaos spawn (Pan)
  A naga (Snake:1)
  A swamp drake (Swamp:1)
  A laughing skull (Abyss:4)
  A brain worm (Pan)
  An earth elemental (Elf:1)
  An orc wizard (Orc:1)
  4 orcs (Orc:1)
99 creatures vanquished.

Vanquished Creatures (others)
  An eldritch tentacle (Pan)
  A reaper (Pan)
  3 demonspawn blood saints (Pan)
  An ice dragon (Depths:3)
  A rakshasa (Pan)
  A deep elf knight (Zig:9)
  A deep troll (Depths:4)
  A glowing orange brain (Pan)
  A deep elf archer (Zig:9)
  A deep elf zephyrmancer (Elf:2)
  An orc sorcerer (Orc:2)
  A bloated husk (Swamp:2)
  A chaos spawn (Abyss:3)
  A neqoxec (D:7)
  A naga (Snake:2)
  A laughing skull (Abyss:3)
  A quasit (Abyss:3)
  An orc priest (Orc:2)
  A gnoll (D:12)
  A white imp (Abyss:3)
  An orc (Orc:2)
  3 ball lightnings (Pan)
  32 foxfires
  2 lurking horrors (Abyss:4)
  19 starspawn tentacles
79 creatures vanquished.

Grand Total: 3017 creatures vanquished

Notes
Turn   | Place    | Note
-------+----------+-------------------------------------------
     0 | D:1      | jagoly the Draconian Shapeshifter began the quest for the
                  | Orb.
     0 | D:1      | Reached XP level 1. HP: 16/16 MP: 1/1
   129 | D:1      | Reached skill level 1 in Stealth
   145 | D:1      | Reached XP level 2. HP: 22/23 MP: 2/2
   855 | D:2      | Reached XP level 3. HP: 29/29 MP: 3/3
   901 | D:2      | Found a sacrificial altar of Ru.
  1126 | D:2      | Noticed Natasha
  1145 | D:2      | Noticed Jessica
  1147 | D:2      | Killed Jessica
  1280 | D:2      | Reached XP level 4. HP: 31/38 MP: 4/4
  1484 | D:2      | Noticed Terence
  1501 | D:2      | Killed Terence
  1719 | D:2      | Reached XP level 5. HP: 46/46 MP: 5/5
  1878 | D:2      | Killed Natasha
  2091 | D:2      | Noticed Natasha
  2157 | D:3      | Got Ruimpaav's Commentary on Guile
  2402 | D:2      | Killed Natasha
  2424 | D:3      | Found a burning altar of Makhleb.
  2641 | D:3      | Became a worshipper of Makhleb the Destroyer
  2844 | D:3      | Found an opulent altar of Gozag.
  2881 | D:3      | Found a faded altar of an unknown god.
  3187 | D:4      | Reached XP level 6. HP: 41/53 MP: 6/6
  3362 | D:4      | Noticed Edmund
  3545 | D:4      | Found a glowing golden altar of the Shining One.
  3736 | D:5      | Entered Level 5 of the Dungeon
  3941 | D:5      | HP: 2/53 [ogre/+0 giant club (18)]
  4226 | D:5      | Your scales start taking on a dull iron-grey colour.
  4226 | D:5      | Reached XP level 7. HP: 54/60 MP: 7/7
  4227 | D:5      | Reached * piety under Makhleb
  4289 | D:5      | Found an ornate altar of the Wu Jian Council.
  4358 | D:5      | Reached skill level 5 in Fighting
  4358 | D:5      | Reached skill level 1 in Throwing
  4694 | D:6      | Noticed yakattack's ghost (novice TrEn)
  4720 | D:6      | Reached skill level 5 in Unarmed Combat
  4813 | D:6      | Found a runed translucent door.
  5189 | D:6      | Reached XP level 8. HP: 59/70 MP: 8/8
  5724 | D:7      | Found a staircase to the Ecumenical Temple.
  5751 | D:7      | Found a snail-covered altar of Cheibriados.
  5939 | D:7      | Found a sand-covered staircase.
  5943 | Ossuary  | Entered an ossuary
  6041 | Ossuary  | Reached ** piety under Makhleb
  6464 | Ossuary  | Reached *** piety under Makhleb
  6545 | D:7      | Found a shadowy altar of Dithmenos.
  6583 | D:7      | Reached XP level 9. HP: 81/81 MP: 9/9
  7165 | D:7      | Found a glowing silver altar of Zin.
  7400 | D:8      | Reached skill level 5 in Shapeshifting
  8019 | D:8      | Identified the +1 dagger of Koshrej {flame, rC+ Str+3}
  8114 | D:8      | Reached skill level 1 in Evocations
  8543 | D:8      | Reached **** piety under Makhleb
  8591 | D:7      | Reached XP level 10. HP: 45/88 MP: 10/10
  8867 | D:9      | Got Linemada's Omnibus of Space
  9173 | D:9      | Reached skill level 5 in Stealth
  9361 | D:9      | Reached skill level 5 in Dodging
  9474 | D:9      | Noticed Joseph
  9487 | D:9      | Killed Joseph
  9648 | D:10     | Entered Level 10 of the Dungeon
  9924 | D:10     | Noticed Josephine
  9971 | D:10     | Killed Josephine
  9982 | D:10     | Reached XP level 11. HP: 99/99 MP: 11/11
 10049 | D:10     | Reached ***** piety under Makhleb
 10145 | D:10     | Reached skill level 10 in Fighting
 10317 | D:10     | Noticed a deep elf pyromancer
 10338 | D:10     | Killed a deep elf pyromancer
 10613 | D:11     | Noticed a two-headed ogre
 10674 | D:11     | Reached skill level 1 in Invocations
 10717 | D:11     | Reached skill level 10 in Unarmed Combat
 10985 | D:11     | Noticed Sonja
 11006 | D:11     | Killed Sonja
 11128 | D:11     | Noticed Psyche
 11137 | D:11     | Killed Psyche
 11367 | D:11     | Found a staircase to the Lair.
 11556 | D:11     | Killed a two-headed ogre
 11760 | D:4      | Killed Edmund
 11923 | D:6      | Killed yakattack's ghost
 11924 | D:6      | Reached skill level 5 in Invocations
 12064 | Lair:1   | Entered Level 1 of the Lair of Beasts
 12631 | Lair:1   | Reached XP level 12. HP: 106/110 MP: 17/17
 12724 | Lair:1   | Learned a level 3 spell: Frozen Ramparts
 12728 | Lair:1   | Learned a level 3 spell: Ozocubu's Armour
 13487 | Lair:2   | Noticed Prince Ribbit
 13497 | Lair:2   | Killed Prince Ribbit
 13813 | Lair:2   | Reached skill level 1 in Ice Magic
 14525 | Lair:3   | Reached skill level 5 in Ice Magic
 14637 | Lair:3   | Found a staircase to the Swamp.
 14752 | Lair:3   | Identified the +6 chain mail "Nixiwiej" {rPois}
 14897 | Lair:3   | Noticed a seven-headed hydra
 14905 | Lair:3   | Killed a seven-headed hydra
 15462 | Lair:3   | Found a staircase to the Snake Pit.
 15599 | Lair:4   | Reached XP level 13. HP: 118/118 MP: 19/19
 15719 | Lair:4   | Identified the amulet of Zociocw {Spirit rC+}
 16057 | Lair:4   | Found a blossoming altar of Fedhas.
 16263 | Lair:4   | Learned a level 1 spell: Apportation
 16612 | Lair:4   | Reached skill level 1 in Translocations
 16618 | Lair:4   | Reached ****** piety under Makhleb
 16700 | Lair:4   | Noticed Urug
 16766 | Lair:4   | Killed Urug
 16948 | Lair:5   | Entered Level 5 of the Lair of Beasts
 17148 | Lair:5   | Found a viscous altar of Jiyva.
 17149 | Lair:5   | Found a staircase to the Slime Pits.
 17874 | Lair:5   | Reached skill level 10 in Shapeshifting
 17963 | Lair:5   | Identified the +8 long sword "Ulefriwku" {heavy, rF+ rC+
                  | Str-5 Int+4}
 18104 | Lair:5   | Noticed a dire elephant
 18149 | Lair:5   | Killed a dire elephant
 18288 | Lair:5   | Reached skill level 10 in Invocations
 19273 | D:12     | Reached XP level 14. HP: 111/126 MP: 17/22
 19822 | D:12     | Found a staircase to the Orcish Mines.
 20259 | D:12     | You fall into a shaft and drop 1 floor!
 20582 | D:13     | Found a portal to a secret trove of treasure.
 20647 | D:13     | Found a gate leading to a gauntlet.
 20661 | Gauntlet | Entered a Gauntlet
 20661 | Gauntlet | Found a transporter.
 20664 | Gauntlet | Found a transporter.
 20668 | Gauntlet | Found a transporter.
 20673 | Gauntlet | Found a transporter.
 20683 | Gauntlet | Found a transporter.
 20684 | Gauntlet | Found a transporter.
 20689 | Gauntlet | Found a transporter.
 20699 | Gauntlet | Found a transporter.
 20700 | Gauntlet | Found a transporter.
 20705 | Gauntlet | Found a transporter.
 20713 | Gauntlet | Found a transporter.
 20716 | Gauntlet | Found a transporter.
 20721 | Gauntlet | Found a transporter.
 20729 | Gauntlet | Found a transporter.
 21030 | Gauntlet | Identified the amulet of Ugeckuno {Reflect rElec rPois
                  | Int+3 SH+5}
 21509 | Orc:1    | Entered Level 1 of the Orcish Mines
 21560 | Orc:1    | Noticed an orc warlord
 21575 | Orc:1    | Killed an orc warlord
 21612 | Orc:1    | Noticed Fannar
 21633 | Orc:1    | Killed Fannar
 21670 | Orc:1    | Noticed Nergalle
 21691 | Orc:1    | Killed Nergalle
 22280 | Orc:2    | Entered Level 2 of the Orcish Mines
 22928 | Orc:2    | Found Rericuxe's Antique Weapon Boutique.
 23091 | Orc:2    | Reached XP level 15. HP: 130/136 MP: 24/24
 23175 | Orc:2    | Found Mentouri's General Store.
 23175 | Orc:2    | Found Qaugutac's Distillery.
 23177 | Orc:2    | Found Ridydout's Distillery.
 23177 | Orc:2    | Found Irinid's General Store.
 23334 | Orc:2    | Found a staircase to the Elven Halls.
 23419 | Orc:2    | Bought a potion of haste for 140 gold pieces
 23419 | Orc:2    | Bought a potion of enlightenment for 70 gold pieces
 23419 | Orc:2    | Bought a potion of heal wounds for 70 gold pieces
 23422 | Orc:2    | Bought a potion of ambrosia for 120 gold pieces
 23424 | Orc:2    | Bought a potion of mutation for 128 gold pieces
 23426 | Orc:2    | Bought a potion of attraction for 45 gold pieces
 23836 | D:13     | Learned a level 2 spell: Blink
 24821 | D:14     | Found a hide-covered altar of Uskayaw.
 24909 | D:14     | Reached skill level 1 in Shields
 24960 | D:14     | Got the Anthology of Burning Relocation
 25029 | D:14     | Found a shimmering blue altar of Sif Muna.
 25073 | D:14     | Got Hedyg's Omnibus of Heavy Dislocation
 25075 | D:14     | Got the Encyclopedia of Thunder and Accomplices
 25093 | D:14     | Got the Precepts of Cinders
 25847 | D:14     | Found a gate to the Vaults.
 25875 | D:15     | Entered Level 15 of the Dungeon
 26692 | D:15     | Found a staircase to the Depths.
 27045 | Orc:2    | Bought the ring "Cuofijiato" {EV+5 Dex+5} for 856 gold
                  | pieces
 27046 | Orc:2    | Bought a scroll of identify for 32 gold pieces
 27046 | Orc:2    | Identified 2 scrolls of acquirement
 27047 | Orc:2    | Acquired the -1 pair of boots of Meystyej {Regen+}
 27299 | Snake:1  | Entered Level 1 of the Snake Pit
 27327 | Snake:1  | Found a snail-covered altar of Cheibriados.
 27352 | Snake:1  | Reached XP level 16. HP: 73/147 MP: 25/25
 27548 | Snake:1  | Identified the +6 flail "Brush" {elec, rC+ Will+ Int+2}
 27650 | Snake:1  | Found the +10 tower shield of Ignorance {rN+ Int-4}
 28013 | Snake:2  | Reached skill level 5 in Shields
 28546 | Snake:3  | Reached skill level 5 in Translocations
 28581 | Snake:3  | Reached skill level 15 in Fighting
 29149 | Snake:3  | Reached skill level 10 in Stealth
 29359 | Snake:4  | Entered Level 4 of the Snake Pit
 29416 | Snake:4  | Reached skill level 15 in Unarmed Combat
 29445 | Snake:4  | Reached skill level 10 in Dodging
 29501 | Snake:4  | Found Ruinodutorph's General Store.
 29727 | Snake:4  | Noticed Vashnia
 29734 | Snake:4  | Killed Vashnia
 29941 | Snake:4  | Reached XP level 17. HP: 156/156 MP: 26/26
 30482 | Snake:4  | Got a serpentine rune of Zot
 30737 | Swamp:1  | Entered Level 1 of the Swamp
 30763 | Swamp:1  | Noticed a tentacled monstrosity
 30789 | Swamp:1  | Killed a tentacled monstrosity
 31012 | Swamp:1  | Noticed Jorgrun
 31018 | Swamp:1  | Killed Jorgrun
 31077 | Swamp:1  | Noticed Frances
 31081 | Swamp:1  | Killed Frances
 31282 | Swamp:1  | Found a shimmering blue altar of Sif Muna.
 32082 | Swamp:2  | Noticed Louise
 32090 | Swamp:2  | Killed Louise
 32428 | Swamp:3  | Reached XP level 18. HP: 165/165 MP: 27/27
 32510 | Swamp:3  | Noticed a tentacled monstrosity
 32534 | Swamp:3  | Killed a tentacled monstrosity
 33006 | Swamp:4  | Entered Level 4 of the Swamp
 33526 | Swamp:4  | Got the Almanac of Resurrection and Distance
 33600 | Swamp:4  | Got a decaying rune of Zot
 33640 | Swamp:4  | Noticed Donald
 33649 | Swamp:4  | Killed Donald
 34030 | Orc:2    | Acquired the amulet of Myxeunut {Reflect Will+ Str+4 Int+2
                  | Dex+2 SH+5}
 34155 | Elf:1    | Entered Level 1 of the Elven Halls
 34333 | Elf:1    | Identified the +1 robe of Lang {rCorr}
 34342 | Elf:1    | Noticed Agnes
 34352 | Elf:1    | Killed Agnes
 34476 | Elf:1    | Identified the granite talisman of Mided {*Slow rN++ Dex+4
                  | Slay+3}
 34476 | Elf:1    | Noticed Roxanne
 34503 | Elf:1    | Killed Roxanne
 34504 | Elf:1    | Reached skill level 15 in Invocations
 34602 | Elf:1    | Noticed a Tzitzimitl
 34679 | Elf:1    | Found Boyvaohe's Armour Emporium.
 34919 | Elf:2    | Paralysed by an air elemental for 1 turns
 35087 | Elf:3    | Entered Level 3 of the Elven Halls
 35213 | Elf:1    | Reached XP level 19. HP: 172/172 MP: 30/30
 35522 | Elf:2    | Found a runed translucent gate.
 35522 | Elf:2    | Found a runed translucent gate.
 35522 | Elf:2    | Found a runed translucent gate.
 35524 | Elf:2    | Found an opulent altar of Gozag.
 35524 | Elf:2    | Found Kocetwu's Assorted Antiques.
 35534 | Elf:2    | Noticed Banuugh's ghost (adept DjCj)
 35688 | Elf:2    | Found a runed translucent gate.
 35688 | Elf:2    | Found a runed translucent gate.
 35688 | Elf:2    | Found a runed translucent gate.
 35720 | Elf:2    | Reached skill level 15 in Shapeshifting
 35808 | Elf:2    | Killed Banuugh's ghost
 36646 | Elf:3    | Found Iggiov's Distillery.
 37245 | Elf:3    | Noticed Zenata
 37252 | Elf:3    | Killed Zenata
 37367 | Elf:3    | Identified the amulet "Naforch" {RegenMP Dex+3}
 37570 | Elf:3    | Reached skill level 5 in Evocations
 37591 | Elf:3    | Found the +5 glaive of the Guard {elec, spectral}
 37601 | Elf:3    | Got Umadiuf's Grimoire of the Indurated Gathering
 37610 | Elf:3    | Identified the +2 great mace "Deecrud" {freeze, rCorr
                  | Str+3}
 37625 | Elf:3    | Identified the +4 great sword of the Muttering Vulture
                  | {freeze, *Rage Str+5}
 37856 | Elf:3    | Bought a potion of enlightenment for 80 gold pieces
 37856 | Elf:3    | Bought a potion of curing for 48 gold pieces
 37856 | Elf:3    | Bought a potion of curing for 48 gold pieces
 37856 | Elf:3    | Bought a potion of ambrosia for 128 gold pieces
 37856 | Elf:3    | Bought 2 potions of ambrosia for 256 gold pieces
 37909 | Elf:2    | Bought a scroll of fog for 124 gold pieces
 37909 | Elf:2    | Bought a scroll of revelation for 232 gold pieces
 38156 | Vaults:1 | Entered Level 1 of the Vaults
 38209 | Vaults:1 | Reached skill level 1 in Earth Magic
 38530 | Vaults:1 | Reached XP level 20. HP: 181/181 MP: 32/32
 38537 | Vaults:1 | Learned a level 3 spell: Passwall
 39080 | Vaults:1 | Found a runed translucent gate.
 39080 | Vaults:1 | Found a runed translucent gate.
 39080 | Vaults:1 | Found an ancient bone altar of Kikubaaqudgha.
 39080 | Vaults:1 | Found a runed translucent gate.
 39080 | Vaults:1 | Found the dreamshard necklace {Acrobat *Dream}
 39080 | Vaults:1 | Noticed a dread lich
 39080 | Vaults:1 | Noticed an ancient lich
 39080 | Vaults:1 | Noticed Xafer's ghost (adept DsGl)
 39081 | Vaults:1 | Noticed ragingrage's ghost (veteran HOFi)
 39436 | Vaults:2 | Reached skill level 5 in Earth Magic
 40899 | Abyss:2  | Cast into level 2 of the Abyss (ironbound preserver)
 40906 | Vaults:2 | Escaped the Abyss
 42016 | Vaults:3 | Found a staircase to the Crypt.
 42831 | Vaults:4 | Reached XP level 21. HP: 191/191 MP: 33/33
 43658 | Vaults:4 | Identified the +1 plate armour of Ydopho Udump {rC++ Str+3}
 44181 | Slime:1  | Entered Level 1 of the Pits of Slime
 44358 | Slime:3  | Gained mutation: Your spells are a little easier to cast,
                  | but a little less powerful. [a shining eye]
 44375 | Slime:3  | Gained mutation: You are dopey. (Int -2) [a shining eye]
 44380 | Slime:3  | Gained mutation: Your body sometimes deteriorates upon
                  | taking damage. [a shining eye]
 44451 | Slime:5  | Entered Level 5 of the Pits of Slime
 44505 | Slime:5  | Noticed the Royal Jelly
 44517 | Slime:5  | Killed the Royal Jelly
 44574 | Slime:5  | Got Qicos's Codex of Tephra
 44585 | Slime:5  | Identified the staff "Adeh" {^Drain rElec rPois rCorr Conj}
 44669 | Slime:5  | Got a slimy rune of Zot
 44671 | Slime:5  | Got a starry gem with 60 turns to spare
 44717 | Slime:5  | Lost the starry gem through the power of Zot.
 44774 | Slime:5  | Identified the amulet of Xizoi {Reflect rElec rF++ Dex-2
                  | SH+5 SInv}
 45340 | Vaults:5 | Entered Level 5 of the Vaults
 45352 | Vaults:5 | Reached XP level 22. HP: 202/202 MP: 34/34
 45540 | Vaults:5 | Noticed Sojobo
 45669 | Vaults:5 | Noticed a golden dragon
 45677 | Vaults:5 | Killed a golden dragon
 45763 | Vaults:5 | Gained mutation: You are very dopey. (Int -4) [a shining
                  | eye]
 45764 | Vaults:5 | Gained mutation: You are clumsy. (Dex -2) [a shining eye]
 45767 | Vaults:5 | Lost mutation: Your spells are a little easier to cast, but
                  | a little less powerful. [a shining eye]
 45768 | Vaults:5 | Gained mutation: You occasionally lose the ability to drink
                  | potions when taking damage. [a shining eye]
 46013 | Vaults:5 | Killed Sojobo
 46081 | Vaults:5 | Noticed an ancient lich
 46096 | Vaults:5 | Killed an ancient lich
 46100 | Vaults:5 | Identified the +8 hand axe of Amorality {flame, Str+3}
 46151 | Vaults:5 | Noticed a golden dragon
 46152 | Vaults:5 | Found Wymotot's Book Shoppe.
 46158 | Vaults:5 | Killed a golden dragon
 46323 | Vaults:5 | Got the Encyclopedia of Reshaped Striking
 46674 | Vaults:5 | Got a silver rune of Zot
 46810 | Crypt:1  | Entered Level 1 of the Crypt
 46988 | Crypt:1  | Reached skill level 10 in Shields
 46993 | Crypt:1  | Reached skill level 15 in Dodging
 47732 | Crypt:2  | Noticed Boris
 47747 | Crypt:2  | Killed Boris
 47985 | Crypt:2  | Reached XP level 23. HP: 209/209 MP: 35/35
 48006 | Crypt:2  | Noticed Xtahua
 48018 | Crypt:2  | Killed Xtahua
 48436 | Crypt:3  | Entered Level 3 of the Crypt
 48755 | Crypt:3  | Got the Papyrus of the Fox
 48783 | Crypt:3  | Noticed an ancient lich
 48789 | Crypt:3  | Killed an ancient lich
 48880 | Crypt:3  | Noticed a curse toe
 48883 | Crypt:3  | Identified the +6 glaive of Rotation {freeze, Int+8}
 48887 | Crypt:3  | Killed a curse toe
 48892 | Crypt:3  | Found a basalt altar of Yredelemnul.
 48896 | Crypt:3  | Found an ancient bone altar of Kikubaaqudgha.
 48921 | Crypt:3  | Identified the +0 robe "Qent" {rPois Will++ MP+9 Stlth-}
 48941 | Crypt:3  | Found the +7 great mace "Undeadhunter" {deathbane, rN+}
 48951 | Crypt:3  | Identified the +2 ring mail "Teitih" {MP+9 Str+2}
 49070 | Crypt:3  | Noticed Vv
 49085 | Crypt:3  | Killed Vv
 49290 | Crypt:3  | Found a staircase to the Tomb.
 49644 | Vaults:1 | Killed an ancient lich
 49649 | Vaults:1 | Killed a dread lich
 49662 | Vaults:1 | Killed ragingrage's ghost
 49668 | Vaults:1 | Killed Xafer's ghost
 49698 | Vaults:1 | Identified the ring of Sokaeli {Fire rN+ Dex+5}
 49703 | Vaults:1 | Identified the +1 cloak "Lygifry" {rF- rN+ Str+6 Int+2}
 49962 | Depths:1 | Entered Level 1 of the Depths
 50057 | Depths:1 | Reached skill level 15 in Shields
 50068 | Depths:1 | Found a one-way gateway to a ziggurat.
 50663 | Depths:1 | Found a gateway to Hell.
 51223 | Depths:1 | Noticed a juggernaut
 51228 | Depths:1 | Killed a juggernaut
 51314 | Depths:1 | Identified the staff of Xujumiel {rC- rN+ rCorr Necro Fire}
 51516 | Depths:2 | Reached skill level 5 in Throwing
 51530 | Depths:2 | Reached XP level 24. HP: 224/224 MP: 32/35
 51530 | Depths:2 | Noticed Grunn
 51600 | Depths:3 | Found Qamog's Antique Weapon Shoppe.
 51600 | Depths:3 | You fall into a shaft and drop 1 floor!
 51600 | Depths:4 | Entered Level 4 of the Depths
 51820 | Depths:3 | Found a transporter.
 51821 | Depths:3 | Found a transporter.
 51867 | Depths:3 | Found a transporter.
 51875 | Depths:3 | Found a transporter.
 52569 | Depths:2 | Found a blossoming altar of Fedhas.
 52751 | Depths:2 | Killed Grunn
 52764 | Depths:2 | Found a one-way gate leading to the halls of Pandemonium.
 53167 | Depths:3 | Found a one-way gate to the infinite horrors of the Abyss.
 53222 | Depths:3 | Identified the +0 ring mail of the Lost Path {MP+9 Int+3}
 53698 | Depths:3 | Found a transporter.
 53701 | Depths:3 | Found a transporter.
 54044 | Depths:4 | Identified the +0 leather armour "Zewafeah" {+Inv rC- rN+++
                  | Regen+}
 54485 | Depths:4 | Reached XP level 25. HP: 233/233 MP: 35/35
 54592 | Depths:4 | Found a gate to the Realm of Zot.
 54611 | Depths:4 | Found Fugiuc's Assorted Antiques.
 54613 | Depths:4 | Found Yharagh's Weapon Shop.
 54615 | Depths:4 | Found Heug Vinn's Weapon Boutique.
 54997 | Depths:3 | Voluntarily entered the Abyss.
 55425 | Abyss:4  | Found a corrupted altar of Lugonu.
 55427 | Abyss:4  | Got an abyssal rune of Zot
 55650 | Depths:3 | Escaped the Abyss
 55842 | Zig:1    | Entered Level 1 of a ziggurat
 55863 | Zig:2    | Entered Level 2 of a ziggurat
 55886 | Zig:3    | Entered Level 3 of a ziggurat
 55904 | Zig:3    | Identified the ring of Pidui {rF+ Will+ rCorr Str+4}
 55919 | Zig:4    | Entered Level 4 of a ziggurat
 55939 | Zig:4    | Identified the staff "Hughith" {rF+ rC+ Will- Hexes Tloc
                  | Fire}
 55945 | Zig:4    | Identified the ring "Naeck" {rF+ rC+ MP+9 Str+3}
 55953 | Zig:5    | Entered Level 5 of a ziggurat
 55989 | Zig:5    | Identified the amulet of the Queen {Acrobat rC- rN+ Int+4}
 56004 | Zig:6    | Entered Level 6 of a ziggurat
 56058 | Zig:6    | Identified the ring "Foiqal" {rC+ Will+ Str+2 Slay-6}
 56065 | Zig:6    | Identified the +1 leather armour of Joy {^Drain Str+4 SInv}
 56068 | Zig:6    | Identified the +1 sling of Ophyecaf {drain, ^Drain rC+
                  | Dex+3}
 56243 | Zig:7    | Entered Level 7 of a ziggurat
 56246 | Zig:7    | Noticed an orb of fire
 56260 | Zig:7    | Gained mutation: Your tail ends in a venomous barb. [an orb
                  | of fire]
 56266 | Zig:7    | Gained mutation: You are frail. (-10% HP) [an orb of fire]
 56268 | Zig:7    | Gained mutation: Your magical capacity is low. (-10% MP)
                  | [an orb of fire]
 56270 | Zig:7    | Killed an orb of fire
 56271 | Zig:7    | Reached skill level 10 in Evocations
 56485 | Zig:8    | Entered Level 8 of a ziggurat
 56573 | Zig:8    | Identified the staff of the Valley {rF+ Will+ Fire}
 56577 | Zig:8    | Identified the ring "Witin" {rPois rCorr Str+4 SInv Stlth-}
 56686 | Zig:9    | Entered Level 9 of a ziggurat
 56770 | Zig:9    | Identified the +2 pair of gloves "Atoamab" {Dex+2}
 56801 | Zig:9    | Got the Incunable of Air
 56841 | Zig:10   | Entered Level 10 of a ziggurat
 56848 | Zig:10   | Found the +9 sword of Zonguldrok {reap}
 56854 | Zig:10   | Noticed an ancient lich
 57007 | Pan      | Entered Pandemonium
 57069 | Pan      | Noticed Newourchyo the pandemonium lord
 57074 | Pan      | Got a demonic rune of Zot
 57080 | Pan      | Gained mutation: You are vulnerable to cold. (rC-) [a
                  | cacodemon]
 57122 | Pan      | Lost mutation: Your magical capacity is low. (-10% MP)
                  | [potion of mutation]
 57122 | Pan      | Lost mutation: You occasionally lose the ability to drink
                  | potions when taking damage. [potion of mutation]
 57122 | Pan      | Lost mutation: Your tail ends in a venomous barb. [potion
                  | of mutation]
 57122 | Pan      | Gained mutation: You are somewhat resistant to further
                  | mutation. [potion of mutation]
 57122 | Pan      | Lost mutation: You are very dopey. (Int -4) [potion of
                  | mutation]
 57132 | Pan      | Noticed Xosiz the pandemonium lord
 57132 | Pan      | HP: 9/269 [hellion/damnation (23)]
 57193 | Pan      | Noticed Ciegass the pandemonium lord
 57239 | Pan      | Reached XP level 26. HP: 71/221 MP: 36/36
 57612 | Pan      | Entered the realm of Mnoleg.
 57612 | Pan      | Noticed Mnoleg
 57623 | Pan      | Gained mutation: You are very vulnerable to cold. (rC--) [a
                  | cacodemon]
 57641 | Pan      | Killed Mnoleg
 57656 | Pan      | Got a glowing rune of Zot
 57690 | Pan      | Lost mutation: You are frail. (-10% HP) [a cacodemon]
 57951 | Pan      | Noticed Bedghian the pandemonium lord
 57952 | Pan      | Lost mutation: You are somewhat resistant to further
                  | mutation. [potion of mutation]
 57952 | Pan      | Lost mutation: You are dopey. (Int -2) [potion of mutation]
 57952 | Pan      | Lost mutation: Your body sometimes deteriorates upon taking
                  | damage. [potion of mutation]
 57952 | Pan      | Gained mutation: You have large cloven feet. [potion of
                  | mutation]
 57952 | Pan      | Gained mutation: You are vulnerable to heat. (rF-) [potion
                  | of mutation]
 57952 | Pan      | Gained mutation: You occasionally lose the ability to drink
                  | potions when taking damage. [potion of mutation]
 57952 | Pan      | Gained mutation: You are robust. (+10% HP) [potion of
                  | mutation]
 57954 | Pan      | Lost mutation: You are very vulnerable to cold. (rC--)
                  | [potion of mutation]
 57954 | Pan      | Lost mutation: You are clumsy. (Dex -2) [potion of
                  | mutation]
 57954 | Pan      | Lost mutation: You are vulnerable to heat. (rF-) [potion of
                  | mutation]
 57954 | Pan      | Lost mutation: You have large cloven feet. [potion of
                  | mutation]
 57954 | Pan      | Gained mutation: You are partially covered in large bone
                  | plates. (SH +4) [potion of mutation]
 57964 | Pan      | Killed Bedghian the pandemonium lord
 58140 | Pan      | Gained mutation: You are weak. (Str -2) [a cacodemon]
 58141 | Pan      | Reached skill level 10 in Throwing
 58163 | Pan      | Noticed Rahuser the pandemonium lord
 58166 | Pan      | Entered the realm of Gloorx Vloq.
 58239 | Pan      | Noticed Gloorx Vloq
 58260 | Pan      | Killed Gloorx Vloq
 58264 | Pan      | Identified the +4 ring mail of the Forest {rPois Str+5}
 58285 | Pan      | Got a dark rune of Zot
 58724 | Pan      | Acquired 549 gold pieces
 58806 | Pan      | Noticed Kouwoesch the pandemonium lord
 58825 | Pan      | Killed Kouwoesch the pandemonium lord
 59027 | Pan      | Entered the realm of Cerebov.
 59284 | Pan      | Got Sif Muna's Papyrus of Congregated Pyromancy
 59347 | Pan      | Identified the staff of Vousum {Fly rElec rN+ Conj Tloc}
 59348 | Pan      | Identified the staff of the Undead {Str+2 Earth}
 59353 | Pan      | Identified the ring "Pungim" {Wiz rPois Str+3}
 59356 | Pan      | Identified the ring "Oskevvau" {rN+ rCorr MP-9 Str+3 Dex+6}
 59463 | Pan      | Identified the ring "Goganub" {Ice MP+9}
 59597 | Pan      | Identified the +0 scale mail of Gravitas {Regen+ Dex+3}
 59710 | Pan      | Reached XP level 27. HP: 279/279 MP: 36/36
 59734 | Pan      | Found the +6 sword of Cerebov {flame}
 59734 | Pan      | Noticed Cerebov
 59777 | Pan      | Killed Cerebov
 59865 | Pan      | Got a fiery rune of Zot
 59974 | Pan      | Found an exit through the horrors of the Abyss.
 60038 | Pan      | Gained mutation: Your spells are a little easier to cast,
                  | but a little less powerful. [a cacodemon]
 60049 | Pan      | Reached skill level 15 in Evocations
 60250 | Pan      | Entered the realm of Lom Lobon.
 60252 | Pan      | Lost mutation: Your spells are a little easier to cast, but
                  | a little less powerful. [potion of mutation]
 60252 | Pan      | Lost mutation: You are vulnerable to cold. (rC-) [potion of
                  | mutation]
 60252 | Pan      | Gained mutation: You are dopey. (Int -2) [potion of
                  | mutation]
 60539 | Pan      | Noticed Lom Lobon
 60549 | Pan      | Got a magical rune of Zot
 60562 | Pan      | Killed Lom Lobon
 60759 | Pan      | Gained mutation: You occasionally shout uncontrollably at
                  | your foes. [a cacodemon]
 60761 | Pan      | Gained mutation: You have sharp toenails. [a cacodemon]
 61197 | Pan      | Found an exit through the horrors of the Abyss.
 61214 | Pan      | Took an exit into the Abyss.
 61214 | Abyss:4  | Escaped into the Abyss
 61214 | Abyss:4  | Found a transporter.
 61214 | Abyss:4  | Found a transporter.
 61214 | Abyss:4  | Found a corrupted altar of Lugonu.
 61328 | Abyss:4  | Paralysed by accursed screaming for 1 turns
 61360 | Abyss:4  | Reached skill level 15 in Throwing
 61369 | Depths:2 | Escaped the Abyss
 61459 | Zot:1    | Entered Level 1 of the Realm of Zot
 61622 | Zot:1    | Identified the +1 leather armour of Bad Feelings {Regen+
                  | Str+3 Dex+2 Stlth+}
 62327 | Zot:2    | Noticed an orb of fire
 62334 | Zot:2    | Gained mutation: You have a pair of small horns on your
                  | head. [an orb of fire]
 62336 | Zot:2    | Gained mutation: Your spells are a little easier to cast,
                  | but a little less powerful. [an orb of fire]
 62339 | Zot:2    | Gained mutation: Your magical capacity is low. (-10% MP)
                  | [an orb of fire]
 62341 | Zot:2    | Killed an orb of fire
 62843 | Zot:2    | Identified the +0 robe "Luvut" {+Blink rN+ Str+4}
 64617 | Zot:5    | Entered Level 5 of the Realm of Zot
 65179 | Zot:5    | Noticed an orb of fire
 65181 | Zot:5    | Gained mutation: You frequently scream uncontrollably at
                  | your foes. [an orb of fire]
 65182 | Zot:5    | Gained mutation: You are very dopey. (Int -4) [an orb of
                  | fire]
 65185 | Zot:5    | Killed an orb of fire
 65295 | Zot:5    | Noticed an ancient lich
 65308 | Zot:5    | Killed an ancient lich
 65394 | Zot:5    | Noticed a dread lich
 65404 | Zot:5    | Killed a dread lich
 65724 | Zot:5    | Noticed an orb of fire
 65726 | Zot:5    | Noticed an ancient lich
 65732 | Zot:5    | Gained mutation: You occasionally lose the ability to read
                  | scrolls when taking damage. [an orb of fire]
 65733 | Zot:5    | Lost mutation: You are robust. (+10% HP) [an orb of fire]
 65735 | Zot:5    | Killed an orb of fire
 65748 | Zot:5    | Killed an ancient lich
 65751 | Zot:5    | Noticed a dread lich
 65759 | Zot:5    | Killed a dread lich
 65836 | Zot:5    | Lost mutation: Your magical capacity is low. (-10% MP)
                  | [potion of mutation]
 65836 | Zot:5    | Lost mutation: You occasionally lose the ability to drink
                  | potions when taking damage. [potion of mutation]
 65837 | Zot:5    | Lost mutation: You frequently scream uncontrollably at your
                  | foes. [potion of mutation]
 65837 | Zot:5    | Lost mutation: You are weak. (Str -2) [potion of mutation]
 65837 | Zot:5    | Lost mutation: You are very dopey. (Int -4) [potion of
                  | mutation]
 65837 | Zot:5    | Gained mutation: You frequently scream uncontrollably at
                  | your foes. [potion of mutation]
 65838 | Zot:5    | Lost mutation: You have sharp toenails. [potion of
                  | mutation]
 65838 | Zot:5    | Lost mutation: Your spells are a little easier to cast, but
                  | a little less powerful. [potion of mutation]
 65838 | Zot:5    | Lost mutation: You are partially covered in large bone
                  | plates. (SH +4) [potion of mutation]
 65838 | Zot:5    | Gained mutation: You occasionally lose the ability to drink
                  | potions when taking damage. [potion of mutation]
 65839 | Zot:5    | Lost mutation: You are dopey. (Int -2) [potion of mutation]
 65839 | Zot:5    | Lost mutation: You occasionally lose the ability to drink
                  | potions when taking damage. [potion of mutation]
 65839 | Zot:5    | Lost mutation: You have a pair of small horns on your head.
                  | [potion of mutation]
 65839 | Zot:5    | Gained mutation: You expend magic power (3 MP) to
                  | strengthen your wands. [potion of mutation]
 65840 | Zot:5    | Lost mutation: You expend magic power (3 MP) to strengthen
                  | your wands. [potion of mutation]
 65840 | Zot:5    | Lost mutation: You occasionally lose the ability to read
                  | scrolls when taking damage. [potion of mutation]
 65840 | Zot:5    | Gained mutation: You have sharp toenails. [potion of
                  | mutation]
 65858 | Zot:5    | Noticed an orb of fire
 65862 | Zot:5    | Got the Orb of Zot
 66074 | Depths:1 | Noticed a seraph
 66236 | D:15     | Noticed Raruschix the pandemonium lord
 66242 | D:15     | Killed Raruschix the pandemonium lord
 66371 | Orc:1    | Noticed Batuy the pandemonium lord
 66384 | Orc:1    | Killed Batuy the pandemonium lord
 66437 | Orc:2    | Noticed Bittag the pandemonium lord
 66456 | Orc:2    | Killed Bittag the pandemonium lord
 66569 | Orc:1    | Noticed Xistrot the pandemonium lord
 66591 | Orc:1    | Killed Xistrot the pandemonium lord
 66676 | D:12     | Noticed Rapilaxa the pandemonium lord
 66679 | D:12     | Killed Rapilaxa the pandemonium lord
 66701 | D:11     | Noticed Putradat the pandemonium lord
 66717 | D:11     | Killed Putradat the pandemonium lord
 66798 | D:7      | Noticed a seraph
 67179 | D:$      | Escaped with the Orb!

Illustrated notes

Levels and vault maps discovered:
D:1:      saegor_arrival_simple_d, layout_loops_ring, minmay_misc_feat_columns,
          minmay_cupped
D:2:      layout_loops_corners, basic_altar, uniq_natasha, uniq_terence,
          uniq_jessica
D:3:      cheibrodos_old_hovel, layout_basic, bloody_makhleb,
          nicolae_gozag_cash_rules_everything_around_me,
          chequers_ecumenical_altar_island
D:4:      nicolae_cairo_tiling, layout_rooms, lemuel_coloured_pillars_altar,
          kennysheep_minor_cross, uniq_edmund
D:5:      layout_loops_ring, nicolae_overflow_crystal_walls
D:6:      layout_gridville, hellmonk_ghost_happy_afterlife,
          dreamdust_princess_bridge
D:7:      layout_loops_cross, mainiacjoe_overflow_tiny_flanked, zin_treasury,
          kennysheep_slug_shrine, minmay_temple_entry_junction,
          nicolae_ossuary_entry_plus, kennysheep_another_room, grunt_tough_drop
D:8:      layout_basic
D:9:      layout_roguey, uniq_joseph
D:10:     layout_loops_ring, guppyfry_early_elven_hall, uniq_josephine
D:11:     layout_irregular_city, lair_entry_dummy, uniq_sonja, uniq_psyche
D:12:     regret_index_malice_mire, layout_rooms,
          kennysheep_orc_monster_closet_entryway
D:13:     layout_grid_maze, gauntlet_entry_generic, nicolae_trove_entry_isolated
D:14:     evilmike_library_of_no_secrets, layout_long_grid,
          grunt_vaults_entry_tiered, eat_drink_and_be_merry_uskayaw
D:15:     grunt_enter_depths_hoard, layout_loops_cross
Lair:1:   layout_cellular_growth, beast_lair_carwin_1
Lair:2:   layout_regular_city, lemuel_fruit_tree, uniq_prince_ribbit2
Lair:3:   layout_regular_city, minmay_swamp_entry_worms,
          alex1729_snake_entry_snake, serial_bayou_crossing
Lair:4:   dpeg_oklob_shooting_range, layout_regular_city, hangedman_tree_tricks,
          worms_lemuel, uniq_urug
Lair:5:   hangedman_lair_in_review, layout_regular_city,
          minmay_slime_entry_oklob_open, serial_rivers,
          chequers_serial_rivers_marsh, chequers_serial_rivers_marsh,
          chequers_serial_rivers_room_a, chequers_serial_rivers_room_b,
          chequers_serial_rivers_micro_b, chequers_serial_rivers_marsh
Swamp:1:  layout_basic_swamp, hangedman_swamp_blocks, swamp_pool_3,
          nicolae_swamp_godswood, nicolae_swamp_decorative_isthmus,
          uniq_jorgrun, uniq_frances
Swamp:2:  layout_basic_swamp, nicolae_swamp_dense_foliage, swamp_pool_1_2,
          nzn_swamp_dancing_lights, uniq_louise
Swamp:3:  nzn_winding_woodlands_cross [nzn_winding_woodlands_5x15_lazy_stream,
          nzn_winding_woodlands_5x15_default,
          nzn_winding_woodlands_5x15_split_checker,
          nzn_winding_woodlands_5x15_pockets,
          nzn_winding_woodlands_15x15_five_gardens], layout_basic_swamp,
          nicolae_swamp_bean_lake
Swamp:4:  swamp_basic_johnstein, layout_basic_swamp, swamp_pool_1_2,
          infiniplex_staircase_pool, uniq_donald
Snake:1:  layout_honeycomb, basic_altar
Snake:2:  layout_rooms, grunt_megastairs_1
Snake:3:  nicolae_snakescales, layout_misc_corridors
Snake:4:  snake_pit_salamanders_mu, layout_rooms, serial_shops, shop,
          serial_bayou_shore_a, grunt_megastairs_5, uniq_vashnia
Slime:1:  layout_caves
Slime:2:  layout_caves
Slime:3:  layout_caves
Slime:4:  layout_caves
Slime:5:  slime_pit_nicolae_inversion
Orc:1:    layout_diamond_mine, minmay_orc_keep, uniq_fannar, uniq_nergalle
Orc:2:    grunt_orc_tribal_feast, layout_caves, serial_shops,
          nicolae_shop_stone, basic_altar, guppyfry_library_mini
Elf:1:    eino_elf_arrival_shootout, layout_gridlike, serial_shops, shop,
          nicolae_elf_shapeshifter_party, lemuel_flamethrower_2, uniq_agnes,
          uniq_roxanne
Elf:2:    elven_hall_of_blades_hangedman_original [nicolae_blade_little_rooms],
          layout_gridlike, ebering_ghost_gozag, st_stairs_8
Elf:3:    minmay_elf_hall_statues, layout_geoelf_castle, serial_glass,
          glass_columns_c, glass_columns_a, serial_shops,
          nicolae_shop_back_alley_shop, uniq_zenata
Vaults:1: gammafunk_ghost_crypt, nicolae_vaults_network_quincunx
          [nicolae_vaults_network_quincunx_subvault,
          nicolae_vaults_network_quincunx_subvault,
          nicolae_vaults_network_quincunx_subvault,
          nicolae_vaults_network_quincunx_subvault,
          nicolae_vaults_network_quincunx_subvault],
          nicolae_vaults_closet_pinwheel_5, v_misc_33, v_misc_28, st_lattice,
          nicolae_vaults_closet_pinwheel_3, nicolae_vaults_layer_cake_slice,
          nicolae_vaults_hallways_thing, serial_library_hellmonk_reading_circle,
          nicolae_vaults_trapezoid_lopsided_1, v_alt_pattern_1,
          layout_vaults_maze_snakey
Vaults:2: nicolae_vaults_yaktaur_gun_rack, ontoclasm_vaults_decontamination,
          nicolae_vaults_tetromino_T_2, vaults_room_semicircle,
          layout_vaults_quadrants
Vaults:3: grunt_vaults_focal, minmay_crypt_entry_simple_round,
          serial_library_hellmonk_big_corner, vaults_mumra_hexcomb,
          hangedman_vaults_maws, st_diamondy, nicolae_vaults_angled_halls,
          nicolae_vaults_tetromino_T_2, nicolae_vaults_network_square,
          grunt_vaults_bifocal, nicolae_vaults_stepped_doors,
          dpeg_vaults_monster_row, nicolae_vaults_oval_intersection, v_misc_19,
          ontoclasm_vaults_chip, layout_vaults_omnibox
Vaults:4: grunt_vaults_swirl, nicolae_vaults_asterisk, nicolae_vaults_house_1,
          hangedman_vaults_cutoff, vaults_room_corners, st_hourglassy,
          nicolae_vaults_little_squares_6, layout_vaults_big_room
Vaults:5: uniq_sojobo
Crypt:1:  layout_misc_corridors, grunt_crypt_arrival_split, uniq_josephina
Crypt:2:  layout_regular_city, uniq_boris, uniq_xtahua
Crypt:3:  lightli_unholy_cathedral, layout_chaotic_city,
          tomb_entry_shell_bobbens, serial_glass, glass_columns_a,
          glass_columns_b, item_on_display_a, item_on_display_a,
          minmay_strange_pillars, uniq_vv
Depths:1: hangedman_stitches_corridor, layout_basic, enter_ziggurat_f,
          serial_rivers, chequers_serial_rivers_micro_c,
          chequers_serial_rivers_small_3, chequers_serial_rivers_room_a,
          chequers_serial_rivers_micro_b, chequers_serial_rivers_marsh,
          hell_entry, nicolae_twisty_statue_hallways,
          hangedman_abyss_or_decor_passed
Depths:2: nicolae_legendary_halls, layout_basic, hangedman_coc_ice_floe,
          fedhas_altar_3, rand_demon_pan_entry_4, uniq_grunn
Depths:3: hangedman_cross_veins, layout_cave_shapes, serial_shops, shop,
          kennysheep_decorative_pillar, hell_entry, abyss_entry,
          serial_nicolae_subway, nicolae_sub_station_stone,
          nicolae_sub_station_metal, nicolae_sub_station_crystal
Depths:4: evilmike_zot_entry_basic, layout_basic, minivault_14, hell_entry,
          minmay_shop_star, kennysheep_random_hallway
Zot:1:    layout_basic, regret_index_zotdec_onion_hex
Zot:2:    layout_misc_corridors, regret_index_zotdec_twisting_globes,
          grunt_ministairs_6
Zot:3:    layout_twisted_circle, grunt_megastairs_4
Zot:4:    layout_basic
Zot:5:    layout_cellular_growth, hangedman_zot_decor_slant

Skill      XL: |  1  2  3  4  5  6  7  8  9 10 11 12 13 14 15 16 17 18 19 20 21 22 23 24 25 26 27 |
---------------+----------------------------------------------------------------------------------+-----
Stealth        | 1 2 3 4 6 7 9 10 12 | 12.0
Dodging        | 2 3 4 6 7 8 10 12 13 14 15 16 | 16.0
Fighting       | 2 3 4 6 7 8 9 11 12 13 14 15 16 17 18 19 20 21 22 25 | 25.0
Unarmed Combat | 4 6 7 8 9 10 12 13 14 15 16 17 19 20 21 22 25 | 25.9
Throwing       | 2 5 6 7 12 16 | 16.0
Shapeshifting  | 7 10 11 13 14 16 18 | 18.0
Evocations     | 2 4 5 8 11 13 16 | 16.0
Invocations    | 7 8 11 12 15 16 17 18 | 18.0
Ice Magic      | 7 8 |  8.0
Translocations | 2 4 6 7 8 |  8.0
Shields        | 4 5 6 11 15 16 | 16.0
Earth Magic    | 3 8 |  8.0

Action                     |  1- 3 |  4- 6 |  7- 9 | 10-12 | 13-15 | 16-18 | 19-21 | 22-24 | 25-27 || total
---------------------------+-------+-------+-------+-------+-------+-------+-------+-------+-------++-------
  Melee: Unarmed           |    46 |   115 |   385 |   748 |  1254 |  1178 |  1241 |  1419 |  2270 ||  8656
         Punch             |     1 |     2 |    22 |       |    64 |       |    43 |       |       ||   132
         Tailslap          |       |    17 |    60 |   145 |   231 |   245 |   227 |   317 |   435 ||  1677
         Maw               |       |       |       |       |   265 |   454 |   126 |       |       ||   845
         Constrict         |       |       |       |       |     1 |       |       |       |       ||     1
         Bite              |       |       |       |       |       |       |    51 |       |       ||    51
         Kick              |       |       |       |       |       |       |       |       |   345 ||   345
         Headbutt          |       |       |       |       |       |       |       |       |   116 ||   116
   Fire: Sling             |    41 |   103 |   134 |       |       |       |       |       |       ||   278
  Throw: Dart              |       |     3 |    17 |       |    29 |     1 |       |       |       ||    50
         Stone             |       |       |     1 |       |       |       |       |       |       ||     1
         Boomerang         |       |       |       |       |    77 |   219 |    61 |    37 |   334 ||   728
         Javelin           |       |       |       |       |       |       |     2 |       |     5 ||     7
   Cast: Apportation       |       |       |       |       |     7 |       |       |       |    52 ||    59
         Ozocubu's Armour  |       |       |       |       |     3 |     1 |     1 |       |       ||     5
         Frozen Ramparts   |       |       |       |       |     2 |       |     1 |       |       ||     3
         Blink             |       |       |       |       |     1 |     2 |     3 |     1 |    12 ||    19
         Passwall          |       |       |       |       |       |       |       |       |    16 ||    16
 Invoke: Minor Destruction |       |       |       |    28 |   114 |     2 |     7 |     2 |       ||   153
         Major Destruction |       |       |       |     4 |    34 |    44 |    27 |    23 |     6 ||   138
         Lesser Servant of |       |       |       |     2 |     8 |       |     2 |       |       ||    12
         Greater Servant o |       |       |       |       |     3 |    13 |     8 |     2 |    25 ||    51
Ability: Begin Untransform |       |       |     2 |       |     3 |       |       |       |     2 ||     7
  Evoke: Wand              |       |       |     4 |     1 |       |     3 |     1 |     3 |    44 ||    56
         Lightning rod     |       |       |       |       |       |       |     4 |       |     8 ||    12
         Phantom mirror    |       |       |       |       |       |       |       |       |     4 ||     4
         Condenser vane    |       |       |       |       |       |       |       |       |     1 ||     1
    Use: Scroll            |       |       |     8 |     7 |     8 |    15 |    11 |     7 |    39 ||    95
         Potion            |       |       |     1 |       |       |     3 |     3 |     4 |    50 ||    61
   Stab: Sleeping          |     3 |     2 |     5 |     4 |    15 |    19 |    23 |    17 |    15 ||   103
         Petrified         |       |       |       |       |     5 |       |       |       |       ||     5
         Distracted        |       |       |       |       |     5 |    10 |     1 |     5 |    10 ||    31
         Invisible         |       |       |       |       |       |       |       |     5 |       ||     5
 Armour: Skin              |    32 |    57 |   170 |   299 |   619 |   692 |   804 |   806 |  1943 ||  5422
  Dodge: Dodged            |    26 |    56 |   270 |   733 |   901 |   869 |  1050 |   993 |  2727 ||  7625
  Block: Other             |       |       |       |       |    58 |       |    51 |       |       ||   109
         Reflection        |       |       |       |       |     6 |    49 |    43 |    24 |     1 ||   123
         Buckler           |       |       |       |       |   113 |   594 |   460 |       |       ||  1167
         Kite shield       |       |       |       |       |       |       |    21 |  1806 |  3295 ||  5122
   Form: Beast             |       |       |     1 |       |       |       |       |       |       ||     1
         Flux              |       |       |     1 |       |       |       |       |       |       ||     1
         Blade             |       |       |       |       |     4 |       |       |       |       ||     4
         Maw               |       |       |       |       |     5 |     1 |       |       |       ||     6
         Serpent           |       |       |       |       |     1 |       |       |       |       ||     1
         Statue            |       |       |       |       |       |     1 |     2 |       |     3 ||     6
         Dragon            |       |       |       |       |       |       |     1 |       |       ||     1
